Workbook
Name Данные: [1]Тестовый!$F$10:$H$14

Sheet 11.11 Домофония
L1: Приложение №
L2: к Договору подряда №
B4: ПОДРЯДЧИК: | E4: ЗАКАЗЧИК: | J4: ТЕХНИЧЕСКИЙ ЗАКАЗЧИК:
E5: ООО "ЭНКО СТРОЙ" | J5: ООО "Технический заказчик "ЭНКО"
B7: _________________/ | E7: ___________/С.И. Ярков | J7: ___________/С.И. Ярков
A9: Локальный сметный расчет №
A10: Устройство системы Домофония. ГП-72.214
A12: № | B12: Наименование | C12: Марка | D12: Характеристика | E12: Ед. изм. | F12: 72.214.1 | G12: 72.214.2 | H12: Кол-во | I12: Цена | J12: Сумма | K12: Примечание | L12: Форма закупа материала
A13: 11 | B13: Внутренние инженерные сети
A14: 11.11 | B14: Устройство домофонии
A15: 11.11.01 | B15: Прокладка КПП, трубы
A16: 11.11.01.00. | B16: Прокладка КПП, трубы | J16: =J17+J20 -> 0
B17: Работа: | J17: =SUM(J18:J19) -> 0
B18: Прокладка КПП | E18: м | F18: =SUM(F21:F27) -> 2516 | G18: =SUM(G21:G27) -> 4519 | H18: =SUM(F18:G18) -> 7035 | I18: =VLOOKUP(B18,СМР!$B$3:$H$8,7,0) -> 0 | J18: =I18*H18 -> 0
B19: Прокладка трубы | E19: м | F19: =SUM(F28:F30) -> 2164 | G19: =SUM(G28:G30) -> 3890 | H19: =SUM(F19:G19) -> 6054 | I19: =VLOOKUP(B19,СМР!$B$3:$H$8,7,0) -> 0 | J19: =I19*H19 -> 0
B20: Материалы: | J20: =SUM(J21:J31) -> 0
B21: Кабель тип 1 | C21: EC-UU004-5E-PVC-GY | D21: NETLAN U/UTP 4 пары, категория 5e, внутренний, PVC, серый, 305м | E21: м. | F21: 290 | G21: 235 | H21: =SUM(F21:G21) -> 525 | I21: =VLOOKUP($B21,ТМЦ!$B$3:$L$83,8,0) -> 0 | J21: =I21*H21 -> 0 | L21: =VLOOKUP($B21,ТМЦ!$B$3:$L$83,11,0) -> 0
B22: Кабель тип 2 | D22: силовой ВВГнг(А)-LS 3х2.5 плоский ГОСТ | E22: м. | F22: 20 | G22: 20 | H22: =SUM(F22:G22) -> 40 | I22: =VLOOKUP($B22,ТМЦ!$B$3:$L$83,8,0) -> 0 | J22: =I22*H22 -> 0 | L22: =VLOOKUP($B22,ТМЦ!$B$3:$L$83,11,0) -> 0
B23: Кабель тип 3 | D23: UTP Внутренний 4*2*0.48 медь серый PVC | E23: м. | F23: 1936 | G23: 3744 | H23: =SUM(F23:G23) -> 5680 | I23: =VLOOKUP($B23,ТМЦ!$B$3:$L$83,8,0) -> 0 | J23: =I23*H23 -> 0 | L23: =VLOOKUP($B23,ТМЦ!$B$3:$L$83,11,0) -> 0
B24: Кабель тип 4 | D24: огнестойкий КПСнг(А)-FRHF 1х2х0,5 | E24: м. | F24: 40 | G24: 40 | H24: =SUM(F24:G24) -> 80 | I24: =VLOOKUP($B24,ТМЦ!$B$3:$L$83,8,0) -> 0 | J24: =I24*H24 -> 0 | K24: Состав коммутационного шкафа домофонии | L24: =VLOOKUP($B24,ТМЦ!$B$3:$L$83,11,0) -> 0
B25: Кабель тип 5 | D25: оптический негорючий для прокладки в канализацию 4 волокона | E25: м. | F25: 0 | G25: 250 | H25: =SUM(F25:G25) -> 250 | I25: =VLOOKUP($B25,ТМЦ!$B$3:$L$83,8,0) -> 0 | J25: =I25*H25 -> 0 | K25: Оптика между домами | L25: =VLOOKUP($B25,ТМЦ!$B$3:$L$83,11,0) -> 0
B26: Кабель тип 6 | D26: ШВВП 2х0,75 белый ГОСТ | E26: м. | F26: 190 | G26: 190 | H26: =SUM(F26:G26) -> 380 | I26: =VLOOKUP($B26,ТМЦ!$B$3:$L$83,8,0) -> 0 | J26: =I26*H26 -> 0 | L26: =VLOOKUP($B26,ТМЦ!$B$3:$L$83,11,0) -> 0
B27: Кабель тип 7 | D27: КСПВ 4х0,5 | E27: м. | F27: 40 | G27: 40 | H27: =SUM(F27:G27) -> 80 | I27: =VLOOKUP($B27,ТМЦ!$B$3:$L$83,8,0) -> 0 | J27: =I27*H27 -> 0 | L27: =VLOOKUP($B27,ТМЦ!$B$3:$L$83,11,0) -> 0
B28: Труба тип 1 | D28: гофрированная ПВХ 20мм с протяжкой | E28: м. | F28: 350 | G28: 370 | H28: =SUM(F28:G28) -> 720 | I28: =VLOOKUP($B28,ТМЦ!$B$3:$L$83,8,0) -> 0 | J28: =I28*H28 -> 0 | K28: 75 метров для оптики | L28: =VLOOKUP($B28,ТМЦ!$B$3:$L$83,11,0) -> 0
B29: Труба тип 2 | C29: ЭРА | D29: ПНД гладкая жесткая, черная, d 20 мм | E29: м. | F29: 10 | G29: 10 | H29: =SUM(F29:G29) -> 20 | I29: =VLOOKUP($B29,ТМЦ!$B$3:$L$83,8,0) -> 0 | J29: =I29*H29 -> 0 | L29: =VLOOKUP($B29,ТМЦ!$B$3:$L$83,11,0) -> 0
B30: Труба тип 3 | D30: гофрированная ПНД легкая безгалогенная (HF) зонд д16 | E30: м. | F30: 1804 | G30: 3510 | H30: =SUM(F30:G30) -> 5314 | I30: =VLOOKUP($B30,ТМЦ!$B$3:$L$83,8,0) -> 0 | J30: =I30*H30 -> 0 | L30: =VLOOKUP($B30,ТМЦ!$B$3:$L$83,11,0) -> 0
B31: Прочие материалы (Крепеж-клипса для труб для монтажного пистолета Промрукав серая D-20, Гвозди по бетону усиленные Toua 3.05x19 мм, под пистолет (1000шт. в пч.), INSTA 100х55 Короб с крышкой(80мм) 100х55мм, Устройство коммутационное УК-ВК/01, Промрукав Коробка распаячная под пистолет 80х80х40 IP66, Клемма DIY YOU PCT-213, быстрозажимной кабельный соединитель, Монтажная лента, Коннектор NETLAN RJ45/8P8C, категория 5e EC-UP8P8C-5E-003-TR-1000, Клей монтажный Peter Paul All in One, 290мл, Дюбель-хомут 5-10мм нейлон (100шт. в пч.)) | E31: % | H31: =J31*100/J17 -> #DIV/0! | J31: =SUM(J32:J44) -> 0
B32: Крепеж-клипса для труб для монтажного пистолета Промрукав серая D-20 | E32: шт. | F32: =F28*2 -> 700 | G32: =G28*2 -> 740 | H32: =SUM(F32:G32) -> 1440 | I32: =VLOOKUP($B32,ТМЦ!$B$3:$L$83,8,0) -> 0 | J32: =I32*H32 -> 0 | L32: =VLOOKUP($B32,ТМЦ!$B$3:$L$83,11,0) -> 0
B33: Гвозди по бетону усиленные Toua 3.05x19 мм, под пистолет (1000шт. в пч.) | E33: шт. | F33: =F32 -> 700 | G33: =G32 -> 740 | H33: =SUM(F33:G33) -> 1440 | I33: =VLOOKUP($B33,ТМЦ!$B$3:$L$83,8,0) -> 0 | J33: =I33*H33 -> 0 | L33: =VLOOKUP($B33,ТМЦ!$B$3:$L$83,11,0) -> 0
B34: INSTA 100х55 Короб с крышкой(80мм) 100х55мм | E34: м. | F34: 2 | G34: 4 | H34: =SUM(F34:G34) -> 6 | I34: =VLOOKUP($B34,ТМЦ!$B$3:$L$83,8,0) -> 0 | J34: =I34*H34 -> 0 | L34: =VLOOKUP($B34,ТМЦ!$B$3:$L$83,11,0) -> 0
B35: Промрукав Коробка распаячная под пистолет 80х80х40 IP66 | E35: шт. | F35: 1 | G35: 1 | H35: =SUM(F35:G35) -> 2 | I35: =VLOOKUP($B35,ТМЦ!$B$3:$L$83,8,0) -> 0 | J35: =I35*H35 -> 0 | L35: =VLOOKUP($B35,ТМЦ!$B$3:$L$83,11,0) -> 0
B36: Клемма DIY YOU PCT-213, быстрозажимной кабельный соединитель | E36: шт. | F36: 3 | G36: 3 | H36: =SUM(F36:G36) -> 6 | I36: =VLOOKUP($B36,ТМЦ!$B$3:$L$83,8,0) -> 0 | J36: =I36*H36 -> 0 | L36: =VLOOKUP($B36,ТМЦ!$B$3:$L$83,11,0) -> 0
B37: Монтажная лента Госкреп волна, 0,55х12 | E37: м. | F37: 3 | G37: 3 | H37: =SUM(F37:G37) -> 6 | I37: =VLOOKUP($B37,ТМЦ!$B$3:$L$83,8,0) -> 0 | J37: =I37*H37 -> 0 | L37: =VLOOKUP($B37,ТМЦ!$B$3:$L$83,11,0) -> 0
B38: Монтажная пена Технониколь 240 PROFESSIONAL, огнестойкая, TN528380 | E38: шт. | F38: 1 | G38: 2 | H38: =SUM(F38:G38) -> 3 | I38: =VLOOKUP($B38,ТМЦ!$B$3:$L$83,8,0) -> 0 | J38: =I38*H38 -> 0 | L38: =VLOOKUP($B38,ТМЦ!$B$3:$L$83,11,0) -> 0
B39: Монтажная лента текстильная под пистолет | E39: м. | F39: 451 | G39: 877 | H39: =SUM(F39:G39) -> 1328 | I39: =VLOOKUP($B39,ТМЦ!$B$3:$L$83,8,0) -> 0 | J39: =I39*H39 -> 0 | L39: =VLOOKUP($B39,ТМЦ!$B$3:$L$83,11,0) -> 0
B40: Гвозди по бетону усиленные Toua 3.05x19 мм, под пистолет. (1000шт. в пч.) | E40: шт. | F40: 8360 | G40: 15596 | H40: =SUM(F40:G40) -> 23956 | I40: =VLOOKUP($B40,ТМЦ!$B$3:$L$83,8,0) -> 0 | J40: =I40*H40 -> 0 | L40: =VLOOKUP($B40,ТМЦ!$B$3:$L$83,11,0) -> 0
B41: Дюбель-хомут 5-10мм нейлон (100шт. в пч.) | E41: шт. | F41: 608 | G41: 1016 | H41: =SUM(F41:G41) -> 1624 | I41: =VLOOKUP($B41,ТМЦ!$B$3:$L$83,8,0) -> 0 | J41: =I41*H41 -> 0 | L41: =VLOOKUP($B41,ТМЦ!$B$3:$L$83,11,0) -> 0
B42: Гофрированная труба REXANT ПП 4,6 мм, разрезная, бухтa 5 м/уп. 15-0505 | E42: м. | F42: 1.8 | G42: 1.2 | H42: =SUM(F42:G42) -> 3 | I42: =VLOOKUP($B42,ТМЦ!$B$3:$L$83,8,0) -> 0 | J42: =I42*H42 -> 0 | L42: =VLOOKUP($B42,ТМЦ!$B$3:$L$83,11,0) -> 0
B43: Шнур оптический переходной, OS2, SC/UPC-LC/UPC, одинарный, нг(А)-HF, 2мм, желтый, 1м NMF-PC1S2C2-SCU-LCU-001 | E43: шт. | G43: 2 | H43: =SUM(F43:G43) -> 2 | I43: =VLOOKUP($B43,ТМЦ!$B$3:$L$83,8,0) -> 0 | J43: =I43*H43 -> 0 | K43: Оптика между домами | L43: =VLOOKUP($B43,ТМЦ!$B$3:$L$83,11,0) -> 0
B44: Кабель прямого подключения SFP/SFP+ MikroTik XS+DA0001 | E44: шт. | G44: 1 | H44: =SUM(F44:G44) -> 1 | I44: =VLOOKUP($B44,ТМЦ!$B$3:$L$83,8,0) -> 0 | J44: =I44*H44 -> 0 | K44: Оптика между домами | L44: =VLOOKUP($B44,ТМЦ!$B$3:$L$83,11,0) -> 0
A45: 11.11.02 | B45: Установка оборудования
A46: 11.11.02.00. | B46: Установка оборудования | J46: =J47+J50 -> 0
B47: Работа: | J47: =SUM(J48:J49) -> 0
B48: Монтажные работы секция 1 | E48: комплекс | F48: 1 | H48: =SUM(F48:G48) -> 1 | I48: =VLOOKUP(B48,СМР!$B$3:$H$8,7,0) -> 0 | J48: =I48*H48 -> 0
B49: Монтажные работы секция 2 | E49: комплекс | G49: 1 | H49: =SUM(F49:G49) -> 1 | I49: =VLOOKUP(B49,СМР!$B$3:$H$8,7,0) -> 0 | J49: =I49*H49 -> 0
B50: Материалы: | J50: =SUM(J51:J90) -> 0
B51: Вызывная панель тип 1 | C51: Akuvox X912S | D51: - | E51: шт. | F51: 2 | G51: 2 | H51: =SUM(F51:G51) -> 4 | I51: =VLOOKUP($B51,ТМЦ!$B$3:$L$83,8,0) -> 0 | J51: =I51*H51 -> 0 | L51: =VLOOKUP($B51,ТМЦ!$B$3:$L$83,11,0) -> 0
B52: Терминал контроля доступа тип 1 | C52: Akuvox A01 | D52: - | E52: шт. | F52: =1+1+1 -> 3 | G52: =1+1+1 -> 3 | H52: =SUM(F52:G52) -> 6 | I52: =VLOOKUP($B52,ТМЦ!$B$3:$L$83,8,0) -> 0 | J52: =I52*H52 -> 0 | L52: =VLOOKUP($B52,ТМЦ!$B$3:$L$83,11,0) -> 0
B53: Замок электромагнитный | C53: - | D53: М2-400 серый (ОЛЭВС) | E53: шт. | F53: 5 | G53: 5 | H53: =SUM(F53:G53) -> 10 | I53: =VLOOKUP($B53,ТМЦ!$B$3:$L$83,8,0) -> 0 | J53: =I53*H53 -> 0 | L53: =VLOOKUP($B53,ТМЦ!$B$3:$L$83,11,0) -> 0
B54: Бесконтактная-ИК кнопка выхода тип 1 | C54: - | D54: врезная DR-04 | E54: шт. | F54: 2 | G54: 2 | H54: =SUM(F54:G54) -> 4 | I54: =VLOOKUP($B54,ТМЦ!$B$3:$L$83,8,0) -> 0 | J54: =I54*H54 -> 0 | L54: =VLOOKUP($B54,ТМЦ!$B$3:$L$83,11,0) -> 0
B55: Бесконтактная-ИК кнопка выхода тип 2 | C55: - | D55: накладная DR-03 | F55: 3 | G55: 3 | H55: =SUM(F55:G55) -> 6 | I55: =VLOOKUP($B55,ТМЦ!$B$3:$L$83,8,0) -> 0 | J55: =I55*H55 -> 0 | L55: =VLOOKUP($B55,ТМЦ!$B$3:$L$83,11,0) -> 0
B56: Коммутатор тип 1 | D56: Тюменский коммутатор Т1008 с защитой коммутации 8*10/100M PoE IEEE 802.3af/at,+2*10/100M uplink RJ45 | E56: шт. | F56: 11 | G56: 19 | H56: =SUM(F56:G56) -> 30 | I56: =VLOOKUP($B56,ТМЦ!$B$3:$L$83,8,0) -> 0 | J56: =I56*H56 -> 0 | K56: на жилых этажах | L56: =VLOOKUP($B56,ТМЦ!$B$3:$L$83,11,0) -> 0
B57: Коммутатор тип 2 | D57: Тюменский коммутатор Т1004 с защитой коммутации 4*10/100M PoE IEEE 802.3af/at,+2*10/100M uplink RJ45 | E57: шт. | F57: 0 | G57: 2 | H57: =SUM(F57:G57) -> 2 | I57: =VLOOKUP($B57,ТМЦ!$B$3:$L$83,8,0) -> 0 | J57: =I57*H57 -> 0 | K57: 1шт - на жилых этажах, 1шт - LTE комплект | L57: =VLOOKUP($B57,ТМЦ!$B$3:$L$83,11,0) -> 0
B58: Монитор | C58: Akuvox | D58: IP монитор (интерком-панель) C313S | E58: шт. | F58: 88 | G58: 156 | H58: =SUM(F58:G58) -> 244 | I58: =VLOOKUP($B58,ТМЦ!$B$3:$L$83,8,0) -> 0 | J58: =I58*H58 -> 0 | K58: на жилых этажах | L58: =VLOOKUP($B58,ТМЦ!$B$3:$L$83,11,0) -> 0
B59: Бесконтактный брендированный ключ | C59: "СТРАНА КАРТ" | D59: Чип SMARTTAG, кодировка для Akuvox, адаптация реестра UID и клиента для загрузки шаблоном в базу Akuvox, нумерация ключа строго по базе, стикер с номерацией квартиры на каждом ключе | E59: шт. | F59: =F58*3 -> 264 | G59: =G58*3 -> 468 | H59: =SUM(F59:G59) -> 732 | I59: =VLOOKUP($B59,ТМЦ!$B$3:$L$83,8,0) -> 0 | J59: =I59*H59 -> 0 | K59: на жилых этажах | L59: =VLOOKUP($B59,ТМЦ!$B$3:$L$83,11,0) -> 0
B60: Шкаф тип 1 | C60: TWI-156060-R-P-GY | D60: Настенный разборный TLK 19", цельнометал. дверь, 15U Ш600хВ569хГ600мм | E60: шт. | F60: 1 | G60: 0 | H60: =SUM(F60:G60) -> 1 | I60: =VLOOKUP($B60,ТМЦ!$B$3:$L$83,8,0) -> 0 | J60: =I60*H60 -> 0 | K60: Состав коммутационного шкафа домофонии | L60: =VLOOKUP($B60,ТМЦ!$B$3:$L$83,11,0) -> 0
B61: Шкаф тип 2 | C61: TFI-186060-MMMM-R-GY | D61: Напольный шкаф серии Lite II 19", цельнометал-е двери,18U, Ш600хВ974хГ600мм | E61: шт. | F61: 0 | G61: 1 | H61: =SUM(F61:G61) -> 1 | I61: =VLOOKUP($B61,ТМЦ!$B$3:$L$83,8,0) -> 0 | J61: =I61*H61 -> 0 | K61: Состав коммутационного шкафа домофонии | L61: =VLOOKUP($B61,ТМЦ!$B$3:$L$83,11,0) -> 0
B62: Управляемый коммутатор тип 1 | D62: 24 портаовый (24x1000Мбит/с) + 4SFP Origo OS3228 | E62: шт. | F62: 0 | G62: 1 | H62: =SUM(F62:G62) -> 1 | I62: =VLOOKUP($B62,ТМЦ!$B$3:$L$83,8,0) -> 0 | J62: =I62*H62 -> 0 | K62: Состав коммутационного шкафа домофонии | L62: =VLOOKUP($B62,ТМЦ!$B$3:$L$83,11,0) -> 0
B63: Универсальные крепления для коммутаторов в стойку 19" | E63: шт. | F63: 1 | G63: 1 | H63: =SUM(F63:G63) -> 2 | I63: =VLOOKUP($B63,ТМЦ!$B$3:$L$83,8,0) -> 0 | J63: =I63*H63 -> 0 | K63: Состав коммутационного шкафа домофонии | L63: =VLOOKUP($B63,ТМЦ!$B$3:$L$83,11,0) -> 0
B64: Маршрутизатор | D64: MikroTik RB4011iGS+RM | E64: шт. | F64: 0 | G64: 1 | H64: =SUM(F64:G64) -> 1 | I64: =VLOOKUP($B64,ТМЦ!$B$3:$L$83,8,0) -> 0 | J64: =I64*H64 -> 0 | K64: Состав коммутационного шкафа домофонии | L64: =VLOOKUP($B64,ТМЦ!$B$3:$L$83,11,0) -> 0
B65: Коммутатор тип 3 | C65: GL-SW-F005-04P | D65: сетевой PoE коммутатор 4 POE + Uplink | E65: шт. | F65: 1 | G65: 1 | H65: =SUM(F65:G65) -> 2 | I65: =VLOOKUP($B65,ТМЦ!$B$3:$L$83,8,0) -> 0 | J65: =I65*H65 -> 0 | K65: Состав коммутационного шкафа домофонии | L65: =VLOOKUP($B65,ТМЦ!$B$3:$L$83,11,0) -> 0
B66: Управляемый коммутатор тип 2 | D66: 24 портаовый (24x100Мбит/с) Origo OS1326 | E66: шт. | F66: 1 | G66: 1 | H66: =SUM(F66:G66) -> 2 | I66: =VLOOKUP($B66,ТМЦ!$B$3:$L$83,8,0) -> 0 | J66: =I66*H66 -> 0 | K66: Состав коммутационного шкафа домофонии | L66: =VLOOKUP($B66,ТМЦ!$B$3:$L$83,11,0) -> 0
B67: Патч-панель наборная | C67: 1U NMC-RP24-BLANK-1U-MT | D67: - | E67: шт. | F67: 1 | G67: 1 | H67: =SUM(F67:G67) -> 2 | I67: =VLOOKUP($B67,ТМЦ!$B$3:$L$83,8,0) -> 0 | J67: =I67*H67 -> 0 | K67: Состав коммутационного шкафа домофонии | L67: =VLOOKUP($B67,ТМЦ!$B$3:$L$83,11,0) -> 0
B68: Модуль | C68: NMC-KJUD2-FT-WT | D68: Keystone, Кат.5e, RJ45/8P8C, для FT-TOOL, неэкран., белый | E68: шт. | F68: 24 | G68: 24 | H68: =SUM(F68:G68) -> 48 | I68: =VLOOKUP($B68,ТМЦ!$B$3:$L$83,8,0) -> 0 | J68: =I68*H68 -> 0 | K68: Состав коммутационного шкафа домофонии | L68: =VLOOKUP($B68,ТМЦ!$B$3:$L$83,11,0) -> 0
B69: Блок электрических розеток | C69: TLK-RSC09-M-04-BK | D69: TLK, 19" на 9 гнезд "евророзетка", 16 A | E69: шт. | F69: 1 | G69: 1 | H69: =SUM(F69:G69) -> 2 | I69: =VLOOKUP($B69,ТМЦ!$B$3:$L$83,8,0) -> 0 | J69: =I69*H69 -> 0 | K69: Состав коммутационного шкафа домофонии | L69: =VLOOKUP($B69,ТМЦ!$B$3:$L$83,11,0) -> 0
B70: Органайзер 19", 1U, кольца 58мм, металлический, с крышкой, черный NMC-OK580C-1U-BK | E70: шт. | F70: 2 | G70: 4 | H70: =SUM(F70:G70) -> 6 | I70: =VLOOKUP($B70,ТМЦ!$B$3:$L$83,8,0) -> 0 | J70: =I70*H70 -> 0 | K70: Состав коммутационного шкафа домофонии | L70: =VLOOKUP($B70,ТМЦ!$B$3:$L$83,11,0) -> 0
B71: Панель | C71: - | D71: 19" с DIN-рейкой 3U SNR-PDR-19-B (для установки РБД и блоков питания) | E71: шт. | F71: 1 | G71: 1 | H71: =SUM(F71:G71) -> 2 | I71: =VLOOKUP($B71,ТМЦ!$B$3:$L$83,8,0) -> 0 | J71: =I71*H71 -> 0 | K71: Состав коммутационного шкафа домофонии | L71: =VLOOKUP($B71,ТМЦ!$B$3:$L$83,11,0) -> 0
B72: Блок питания Mean-Well HDR-30-12 | E72: шт. | F72: 2 | G72: 2 | H72: =SUM(F72:G72) -> 4 | I72: =VLOOKUP($B72,ТМЦ!$B$3:$L$83,8,0) -> 0 | J72: =I72*H72 -> 0 | K72: Состав коммутационного шкафа домофонии | L72: =VLOOKUP($B72,ТМЦ!$B$3:$L$83,11,0) -> 0
B73: Блок питания AC-DC DRC-60A, с функцией UPS, 60Вт, 13.8В | E73: шт. | F73: 3 | G73: 3 | H73: =SUM(F73:G73) -> 6 | I73: =VLOOKUP($B73,ТМЦ!$B$3:$L$83,8,0) -> 0 | J73: =I73*H73 -> 0 | K73: Состав коммутационного шкафа домофонии | L73: =VLOOKUP($B73,ТМЦ!$B$3:$L$83,11,0) -> 0
B74: Аккумулятор Delta DT 1207 (12V 7Аh) | E74: шт. | F74: 3 | G74: 3 | H74: =SUM(F74:G74) -> 6 | I74: =VLOOKUP($B74,ТМЦ!$B$3:$L$83,8,0) -> 0 | J74: =I74*H74 -> 0 | K74: Состав коммутационного шкафа домофонии | L74: =VLOOKUP($B74,ТМЦ!$B$3:$L$83,11,0) -> 0
B75: Автоматический выключатель 1P 5А (В) 4,5kA ВА 47-63 EKF PROxima | E75: шт. | F75: 5 | G75: 5 | H75: =SUM(F75:G75) -> 10 | I75: =VLOOKUP($B75,ТМЦ!$B$3:$L$83,8,0) -> 0 | J75: =I75*H75 -> 0 | K75: Состав коммутационного шкафа домофонии | L75: =VLOOKUP($B75,ТМЦ!$B$3:$L$83,11,0) -> 0
B76: Автоматический выключатель 1P 16А (C) 4,5kA ВА 47-63 EKF PROxima | E76: шт. | F76: 1 | G76: 1 | H76: =SUM(F76:G76) -> 2 | I76: =VLOOKUP($B76,ТМЦ!$B$3:$L$83,8,0) -> 0 | J76: =I76*H76 -> 0 | K76: Состав коммутационного шкафа домофонии | L76: =VLOOKUP($B76,ТМЦ!$B$3:$L$83,11,0) -> 0
B77: Автоматический выключатель 1P 25А (C) 4,5kA ВА 47-63 EKF PROxima | E77: шт. | F77: 1 | G77: 1 | H77: =SUM(F77:G77) -> 2 | I77: =VLOOKUP($B77,ТМЦ!$B$3:$L$83,8,0) -> 0 | J77: =I77*H77 -> 0 | K77: Состав коммутационного шкафа домофонии | L77: =VLOOKUP($B77,ТМЦ!$B$3:$L$83,11,0) -> 0
B78: Распределительный блок РБД-125А 8 контактов 125А ИЭК | E78: шт. | F78: 3 | G78: 3 | H78: =SUM(F78:G78) -> 6 | I78: =VLOOKUP($B78,ТМЦ!$B$3:$L$83,8,0) -> 0 | J78: =I78*H78 -> 0 | K78: Состав коммутационного шкафа домофонии | L78: =VLOOKUP($B78,ТМЦ!$B$3:$L$83,11,0) -> 0
B79: Полка фронтальная TLK, 19", 2U, глубиной 400мм, крепеж в комплекте, черная TLK-SHFR-400-BK | E79: шт. | F79: 1 | G79: 1 | H79: =SUM(F79:G79) -> 2 | I79: =VLOOKUP($B79,ТМЦ!$B$3:$L$83,8,0) -> 0 | J79: =I79*H79 -> 0 | K79: Состав коммутационного шкафа домофонии | L79: =VLOOKUP($B79,ТМЦ!$B$3:$L$83,11,0) -> 0
B80: Реле 12VDC/10A/240VAC 4PDT (4 переключения) HHC68A-4Z-12D | E80: шт. | F80: 2 | G80: 2 | H80: =SUM(F80:G80) -> 4 | I80: =VLOOKUP($B80,ТМЦ!$B$3:$L$83,8,0) -> 0 | J80: =I80*H80 -> 0 | K80: Состав коммутационного шкафа домофонии | L80: =VLOOKUP($B80,ТМЦ!$B$3:$L$83,11,0) -> 0
B81: Колодка реле PTF14A | E81: шт. | F81: 2 | G81: 2 | H81: =SUM(F81:G81) -> 4 | I81: =VLOOKUP($B81,ТМЦ!$B$3:$L$83,8,0) -> 0 | J81: =I81*H81 -> 0 | K81: Состав коммутационного шкафа домофонии | L81: =VLOOKUP($B81,ТМЦ!$B$3:$L$83,11,0) -> 0
B82: Camkeeper LINE 2.0 SHC-1-5 диагностика технического состояния IP-устройств | E82: шт. | F82: 0 | G82: 1 | H82: =SUM(F82:G82) -> 1 | I82: =VLOOKUP($B82,ТМЦ!$B$3:$L$83,8,0) -> 0 | J82: =I82*H82 -> 0 | K82: Состав коммутационного шкафа домофонии | L82: =VLOOKUP($B82,ТМЦ!$B$3:$L$83,11,0) -> 0
B83: Лицензия Akuvox Cloud Premium | E83: шт. | F83: 0 | G83: 1 | H83: =SUM(F83:G83) -> 1 | I83: =VLOOKUP($B83,ТМЦ!$B$3:$L$83,8,0) -> 0 | J83: =I83*H83 -> 0 | K83: Состав коммутационного шкафа домофонии | L83: =VLOOKUP($B83,ТМЦ!$B$3:$L$83,11,0) -> 0
... B89: Оптический кросс NIKOMAX 19" Essential Line, 1U, укомплектованный на 8 портов SC/UPC NMF-RP08SCUS2-WS-ES-1U-GY | E89: шт. | F89: 0 | G89: 1 | H89: =SUM(F89:G89) -> 1 | I89: =VLOOKUP($B89,ТМЦ!$B$3:$L$83,8,0) -> 0 | J89: =I89*H89 -> 0 | K89: Оптика между домами | L89: =VLOOKUP($B89,ТМЦ!$B$3:$L$83,11,0) -> 0
B90: Прочие материалы (Коммутационный шнур U/UTP 4-х парный cat.5e 1м LSZH EC-PC4UD55B-BC-LSZH-010-GY-10, Коннектор NETLAN RJ45/8P8C, категория 5e EC-UP8P8C-5E-003-TR-1000, Промрукав Коробка распаячная под пистолет 80х80х40 IP66, Клемма DIY YOU PCT-213, быстрозажимной кабельный соединитель, Распорный дюбель Чапай 8х50, Шуруп-глухарь 6х60, Крепежный комплект TLK (винт, шайба, гайка), Органайзер 19", 1U, кольца 58мм, металлический, с крышкой, черный NMC-OK580C-1U-BK, Монтажная коробка (подрозетник) для выключателей Aqara, Заклепка резьбовая шестигранная с плоским бортом М6 L15,0, Болт М6х25 оцинкованный с внутренним шестигранником, класс прочности 8.8, DIN 912, Установочная коробка Schneider Electric для сплошных стен 68(65)x60 DIY IMT351011 (установка под монитор)) | E90: % | H90: =J90*100/J47 -> #DIV/0! | J90: =SUM(J91:J100) -> 0
B91: Коммутационный шнур U/UTP 4-х парный cat.5e 1м LSZH | E91: шт. | F91: 0 | G91: 1 | H91: =SUM(F91:G91) -> 1 | I91: =VLOOKUP($B91,ТМЦ!$B$3:$L$83,8,0) -> 0 | J91: =I91*H91 -> 0 | K91: для Camkeeper | L91: =VLOOKUP($B91,ТМЦ!$B$3:$L$83,11,0) -> 0
B92: Коммутационный шнур U/UTP 4-х парный cat.5e 1м LSZH EC-PC4UD55B-BC-LSZH-010-GY-10 | E92: шт. | F92: 21 | G92: 32 | H92: =SUM(F92:G92) -> 53 | I92: =VLOOKUP($B92,ТМЦ!$B$3:$L$83,8,0) -> 0 | J92: =I92*H92 -> 0 | L92: =VLOOKUP($B92,ТМЦ!$B$3:$L$83,11,0) -> 0
B93: Коннектор NETLAN RJ45/8P8C, категория 5e EC-UP8P8C-5E-003-TR-1000 | E93: шт. | F93: 238 | G93: 322 | H93: =SUM(F93:G93) -> 560 | I93: =VLOOKUP($B93,ТМЦ!$B$3:$L$83,8,0) -> 0 | J93: =I93*H93 -> 0 | L93: =VLOOKUP($B93,ТМЦ!$B$3:$L$83,11,0) -> 0
B94: Распорный дюбель Чапай 8х50 | E94: шт. | F94: 4 | G94: 4 | H94: =SUM(F94:G94) -> 8 | I94: =VLOOKUP($B94,ТМЦ!$B$3:$L$83,8,0) -> 0 | J94: =I94*H94 -> 0 | L94: =VLOOKUP($B94,ТМЦ!$B$3:$L$83,11,0) -> 0
B95: Шуруп-глухарь 6х60 | E95: шт. | F95: 4 | G95: 4 | H95: =SUM(F95:G95) -> 8 | I95: =VLOOKUP($B95,ТМЦ!$B$3:$L$83,8,0) -> 0 | J95: =I95*H95 -> 0 | L95: =VLOOKUP($B95,ТМЦ!$B$3:$L$83,11,0) -> 0
B96: Крепежный комплект TLK (винт, шайба, гайка) | E96: шт. | F96: 36 | G96: 52 | H96: =SUM(F96:G96) -> 88 | I96: =VLOOKUP($B96,ТМЦ!$B$3:$L$83,8,0) -> 0 | J96: =I96*H96 -> 0 | L96: =VLOOKUP($B96,ТМЦ!$B$3:$L$83,11,0) -> 0
B97: Монтажная коробка (подрозетник) для выключателей Aqara | E97: шт. | F97: 3 | G97: 3 | H97: =SUM(F97:G97) -> 6 | I97: =VLOOKUP($B97,ТМЦ!$B$3:$L$83,8,0) -> 0 | J97: =I97*H97 -> 0 | L97: =VLOOKUP($B97,ТМЦ!$B$3:$L$83,11,0) -> 0
B98: Заклепка резьбовая шестигранная с плоским бортом М6 L15,0 | E98: шт. | F98: 10 | G98: 10 | H98: =SUM(F98:G98) -> 20 | I98: =VLOOKUP($B98,ТМЦ!$B$3:$L$83,8,0) -> 0 | J98: =I98*H98 -> 0 | L98: =VLOOKUP($B98,ТМЦ!$B$3:$L$83,11,0) -> 0
B99: Болт М6х25 оцинкованный с внутренним шестигранником, класс прочности 8.8, DIN 912 | E99: шт. | F99: 10 | G99: 10 | H99: =SUM(F99:G99) -> 20 | I99: =VLOOKUP($B99,ТМЦ!$B$3:$L$83,8,0) -> 0 | J99: =I99*H99 -> 0 | L99: =VLOOKUP($B99,ТМЦ!$B$3:$L$83,11,0) -> 0
B100: Установочная коробка Schneider Electric для сплошных стен 68(65)x60 DIY IMT351011 (установка под монитор) | E100: шт. | F100: 88 | G100: 156 | H100: =SUM(F100:G100) -> 244 | I100: =VLOOKUP($B100,ТМЦ!$B$3:$L$83,8,0) -> 0 | J100: =I100*H100 -> 0 | K100: на жилых этажах | L100: =VLOOKUP($B100,ТМЦ!$B$3:$L$83,11,0) -> 0
A101: 11.11.03 | B101: Вертикальные стояки
A102: 11.11.03.00. | B102: Вертикальные стояки | J102: =J103+J106 -> 0
B103: Работа: | J103: =SUM(J104:J105) -> 0
B104: Прокладка КПП | E104: м | F104: =SUM(F107:F108) -> 489 | G104: =SUM(G107:G108) -> 1375 | H104: =SUM(F104:G104) -> 1864 | I104: =VLOOKUP(B104,СМР!$B$3:$H$8,7,0) -> 0 | J104: =I104*H104 -> 0
B105: Прокладка трубы | E105: м | F105: =SUM(F109:F112) -> 136.9 | G105: =SUM(G109:G112) -> 206.3 | H105: =SUM(F105:G105) -> 343.2 | I105: =VLOOKUP(B105,СМР!$B$3:$H$8,7,0) -> 0 | J105: =I105*H105 -> 0
B106: Материалы: | J106: =SUM(J107:J113) -> 0
B107: Кабель тип 8 | D107: UTP внутренний LSZH 2*2*0.48 | E107: м. | F107: 407 | G107: 1250 | H107: =SUM(F107:G107) -> 1657 | I107: =VLOOKUP($B107,ТМЦ!$B$3:$L$83,8,0) -> 0 | J107: =I107*H107 -> 0 | K107: 100м - LTE комплект | L107: =VLOOKUP($B107,ТМЦ!$B$3:$L$83,11,0) -> 0
B108: Кабель тип 9 | D108: силовой ВВГнг(А)-LS 3х1.5 плоский ГОСТ | E108: м. | F108: 82 | G108: 125 | H108: =SUM(F108:G108) -> 207 | I108: =VLOOKUP($B108,ТМЦ!$B$3:$L$83,8,0) -> 0 | J108: =I108*H108 -> 0 | L108: =VLOOKUP($B108,ТМЦ!$B$3:$L$83,11,0) -> 0
B109: Труба тип 1 | C109: ДКС | D109: гофрированная ПВХ 20мм с протяжкой | E109: м. | F109: =F108 -> 82 | G109: =G108 -> 125 | H109: =SUM(F109:G109) -> 207 | I109: =VLOOKUP($B109,ТМЦ!$B$3:$L$83,8,0) -> 0 | J109: =I109*H109 -> 0 | L109: =VLOOKUP($B109,ТМЦ!$B$3:$L$83,11,0) -> 0
...

Sheet СМР
A1: Ведомость объемов работ
A2: № п/п | B2: Наименование | C2: Характеристика | D2: Ед. изм. | E2: ГП-214.1 | F2: ГП-214.2 | G2: Кол-во | H2: Цена | I2: Сумма | J2: Примечание
A3: =ROW()-2 -> 1 | B3: Прокладка КПП | D3: м | E3: =SUMIF('11.11 Домофония'!$B$13:$B$126,СМР!$B3,'11.11 Домофония'!F$13:F$126) -> 3005 | F3: =SUMIF('11.11 Домофония'!$B$13:$B$126,СМР!$B3,'11.11 Домофония'!G$13:G$126) -> 5894 | G3: =SUMIF('11.11 Домофония'!$B$13:$B$126,СМР!$B3,'11.11 Домофония'!H$13:H$126) -> 8899 | I3: =H3*G3 -> 0
A4: =ROW()-2 -> 2 | B4: Прокладка трубы | D4: м | E4: =SUMIF('11.11 Домофония'!$B$13:$B$126,СМР!$B4,'11.11 Домофония'!F$13:F$126) -> 2300.9 | F4: =SUMIF('11.11 Домофония'!$B$13:$B$126,СМР!$B4,'11.11 Домофония'!G$13:G$126) -> 4096.3 | G4: =SUMIF('11.11 Домофония'!$B$13:$B$126,СМР!$B4,'11.11 Домофония'!H$13:H$126) -> 6397.2 | I4: =H4*G4 -> 0
A5: =ROW()-2 -> 3 | B5: Монтажные работы секция 1 | D5: комплекс | E5: =SUMIF('11.11 Домофония'!$B$13:$B$126,СМР!$B5,'11.11 Домофония'!F$13:F$126) -> 1 | F5: =SUMIF('11.11 Домофония'!$B$13:$B$126,СМР!$B5,'11.11 Домофония'!G$13:G$126) -> 0 | G5: =SUMIF('11.11 Домофония'!$B$13:$B$126,СМР!$B5,'11.11 Домофония'!H$13:H$126) -> 1 | I5: =H5*G5 -> 0
A6: =ROW()-2 -> 4 | B6: Монтажные работы секция 2 | D6: комплекс | E6: =SUMIF('11.11 Домофония'!$B$13:$B$126,СМР!$B6,'11.11 Домофония'!F$13:F$126) -> 0 | F6: =SUMIF('11.11 Домофония'!$B$13:$B$126,СМР!$B6,'11.11 Домофония'!G$13:G$126) -> 1 | G6: =SUMIF('11.11 Домофония'!$B$13:$B$126,СМР!$B6,'11.11 Домофония'!H$13:H$126) -> 1 | I6: =H6*G6 -> 0
A7: =ROW()-2 -> 5 | B7: Пусконаладочные работы секция 1 | D7: комплекс | E7: =SUMIF('11.11 Домофония'!$B$13:$B$126,СМР!$B7,'11.11 Домофония'!F$13:F$126) -> 1 | F7: =SUMIF('11.11 Домофония'!$B$13:$B$126,СМР!$B7,'11.11 Домофония'!G$13:G$126) -> 0 | G7: =SUMIF('11.11 Домофония'!$B$13:$B$126,СМР!$B7,'11.11 Домофония'!H$13:H$126) -> 1 | I7: =H7*G7 -> 0
A8: =ROW()-2 -> 6 | B8: Пусконаладочные работы секция 2 | D8: комплекс | E8: =SUMIF('11.11 Домофония'!$B$13:$B$126,СМР!$B8,'11.11 Домофония'!F$13:F$126) -> 0 | F8: =SUMIF('11.11 Домофония'!$B$13:$B$126,СМР!$B8,'11.11 Домофония'!G$13:G$126) -> 1 | G8: =SUMIF('11.11 Домофония'!$B$13:$B$126,СМР!$B8,'11.11 Домофония'!H$13:H$126) -> 1 | I8: =H8*G8 -> 0
H9: ИТОГО: | I9: =SUM(I3:I8) -> 0
H10: проверка: | I10: =I9-'11.11 Домофония'!J128 -> 0
B12: Примечание:
A13: - | B13: В случае, если один из перечисленных прочих материалов не был использован по факту при производстве работ, заказчик вправе откорректировать процент расходных материалов в актах выполненных работ (формы КС-2, КС-3), уменьшив на сумму исключенного материала.
A14: - | B14: Стоимость СМР учитывает - затраты на все второстепенные материалы и работы необходимые для осуществления полного комплекса работ, включая затраты: обеспечение технической водой для производства работ и бытовых целей; на мобилизацию, аренду и эксплуатацию всех необходимых механизмов, оборудования и инструментов, бытовых помещений и биотуалетов; на подъем материалов и разноску по этажам к местам производства работ; выполнение сопутствующих работ; вывоз мусора; накладные расходы, прибыль организации, налоги и иные издержки Подрядчика. Обеспечение безопасного производства работ на участке.
A15: - | B15: Стоимость материалов учитывает стоимость доставки.

Sheet ТМЦ
A1: Спецификация материалов
A2: № п/п | B2: Наименование | C2: Марка | D2: Характеристика | E2: Ед. изм. | F2: ГП-214.1 | G2: ГП-214.2 | H2: Кол-во | I2: Цена | J2: Сумма | K2: Примечание | L2: Форма закупа материала
A3: =ROW()-2 -> 1 | B3: Camkeeper LINE 2.0 SHC-1-5 диагностика технического состояния IP-устройств | E3: шт. | F3: =SUMIF('11.11 Домофония'!$B$13:$B$126,$B3,'11.11 Домофония'!F$13:F$126) -> 0 | G3: =SUMIF('11.11 Домофония'!$B$13:$B$126,$B3,'11.11 Домофония'!G$13:G$126) -> 1 | H3: =SUMIF('11.11 Домофония'!$B$13:$B$126,$B3,'11.11 Домофония'!H$13:H$126) -> 1 | J3: =I3*H3 -> 0
A4: =ROW()-2 -> 2 | B4: INSTA 100х55 Короб с крышкой(80мм) 100х55мм | E4: м. | F4: =SUMIF('11.11 Домофония'!$B$13:$B$126,$B4,'11.11 Домофония'!F$13:F$126) -> 2 | G4: =SUMIF('11.11 Домофония'!$B$13:$B$126,$B4,'11.11 Домофония'!G$13:G$126) -> 4 | H4: =SUMIF('11.11 Домофония'!$B$13:$B$126,$B4,'11.11 Домофония'!H$13:H$126) -> 6 | J4: =I4*H4 -> 0
A5: =ROW()-2 -> 3 | B5: Автоматический выключатель 1P 16А (C) 4,5kA ВА 47-63 EKF PROxima | E5: шт. | F5: =SUMIF('11.11 Домофония'!$B$13:$B$126,$B5,'11.11 Домофония'!F$13:F$126) -> 1 | G5: =SUMIF('11.11 Домофония'!$B$13:$B$126,$B5,'11.11 Домофония'!G$13:G$126) -> 1 | H5: =SUMIF('11.11 Домофония'!$B$13:$B$126,$B5,'11.11 Домофония'!H$13:H$126) -> 2 | J5: =I5*H5 -> 0
A6: =ROW()-2 -> 4 | B6: Автоматический выключатель 1P 25А (C) 4,5kA ВА 47-63 EKF PROxima | E6: шт. | F6: =SUMIF('11.11 Домофония'!$B$13:$B$126,$B6,'11.11 Домофония'!F$13:F$126) -> 1 | G6: =SUMIF('11.11 Домофония'!$B$13:$B$126,$B6,'11.11 Домофония'!G$13:G$126) -> 1 | H6: =SUMIF('11.11 Домофония'!$B$13:$B$126,$B6,'11.11 Домофония'!H$13:H$126) -> 2 | J6: =I6*H6 -> 0 | K6: =VLOOKUP(B6,'11.11 Домофония'!$B$13:$K$126,10,0) -> Состав коммутационного шкафа домофонии
A7: =ROW()-2 -> 5 | B7: Автоматический выключатель 1P 5А (В) 4,5kA ВА 47-63 EKF PROxima | E7: шт. | F7: =SUMIF('11.11 Домофония'!$B$13:$B$126,$B7,'11.11 Домофония'!F$13:F$126) -> 5 | G7: =SUMIF('11.11 Домофония'!$B$13:$B$126,$B7,'11.11 Домофония'!G$13:G$126) -> 5 | H7: =SUMIF('11.11 Домофония'!$B$13:$B$126,$B7,'11.11 Домофония'!H$13:H$126) -> 10 | J7: =I7*H7 -> 0 | K7: =VLOOKUP(B7,'11.11 Домофония'!$B$13:$K$126,10,0) -> Состав коммутационного шкафа домофонии
A8: =ROW()-2 -> 6 | B8: Аккумулятор Delta DT 1207 (12V 7Аh) | E8: шт. | F8: =SUMIF('11.11 Домофония'!$B$13:$B$126,$B8,'11.11 Домофония'!F$13:F$126) -> 3 | G8: =SUMIF('11.11 Домофония'!$B$13:$B$126,$B8,'11.11 Домофония'!G$13:G$126) -> 3 | H8: =SUMIF('11.11 Домофония'!$B$13:$B$126,$B8,'11.11 Домофония'!H$13:H$126) -> 6 | J8: =I8*H8 -> 0 | K8: =VLOOKUP(B8,'11.11 Домофония'!$B$13:$K$126,10,0) -> Состав коммутационного шкафа домофонии
A9: =ROW()-2 -> 7 | B9: Бесконтактная-ИК кнопка выхода тип 1 | C9: - | D9: врезная DR-04 | E9: шт. | F9: =SUMIF('11.11 Домофония'!$B$13:$B$126,$B9,'11.11 Домофония'!F$13:F$126) -> 2 | G9: =SUMIF('11.11 Домофония'!$B$13:$B$126,$B9,'11.11 Домофония'!G$13:G$126) -> 2 | H9: =SUMIF('11.11 Домофония'!$B$13:$B$126,$B9,'11.11 Домофония'!H$13:H$126) -> 4 | J9: =I9*H9 -> 0 | K9: =VLOOKUP(B9,'11.11 Домофония'!$B$13:$K$126,10,0) -> 0
A10: =ROW()-2 -> 8 | B10: Бесконтактная-ИК кнопка выхода тип 2 | C10: - | D10: накладная DR-03 | F10: =SUMIF('11.11 Домофония'!$B$13:$B$126,$B10,'11.11 Домофония'!F$13:F$126) -> 3 | G10: =SUMIF('11.11 Домофония'!$B$13:$B$126,$B10,'11.11 Домофония'!G$13:G$126) -> 3 | H10: =SUMIF('11.11 Домофония'!$B$13:$B$126,$B10,'11.11 Домофония'!H$13:H$126) -> 6 | J10: =I10*H10 -> 0 | K10: =VLOOKUP(B10,'11.11 Домофония'!$B$13:$K$126,10,0) -> 0
A11: =ROW()-2 -> 9 | B11: Бесконтактный брендированный ключ | C11: "СТРАНА КАРТ" | D11: Чип SMARTTAG, кодировка для Akuvox, адаптация реестра UID и клиента для загрузки шаблоном в базу Akuvox, нумерация ключа строго по базе, стикер с номерацией квартиры на каждом ключе | E11: шт. | F11: =SUMIF('11.11 Домофония'!$B$13:$B$126,$B11,'11.11 Домофония'!F$13:F$126) -> 264 | G11: =SUMIF('11.11 Домофония'!$B$13:$B$126,$B11,'11.11 Домофония'!G$13:G$126) -> 468 | H11: =SUMIF('11.11 Домофония'!$B$13:$B$126,$B11,'11.11 Домофония'!H$13:H$126) -> 732 | J11: =I11*H11 -> 0 | K11: =VLOOKUP(B11,'11.11 Домофония'!$B$13:$K$126,10,0) -> на жилых этажах
A12: =ROW()-2 -> 10 | B12: Блок питания AC-DC DRC-60A, с функцией UPS, 60Вт, 13.8В | E12: шт. | F12: =SUMIF('11.11 Домофония'!$B$13:$B$126,$B12,'11.11 Домофония'!F$13:F$126) -> 3 | G12: =SUMIF('11.11 Домофония'!$B$13:$B$126,$B12,'11.11 Домофония'!G$13:G$126) -> 3 | H12: =SUMIF('11.11 Домофония'!$B$13:$B$126,$B12,'11.11 Домофония'!H$13:H$126) -> 6 | J12: =I12*H12 -> 0 | K12: =VLOOKUP(B12,'11.11 Домофония'!$B$13:$K$126,10,0) -> Состав коммутационного шкафа домофонии
A13: =ROW()-2 -> 11 | B13: Блок питания Mean-Well HDR-30-12 | E13: шт. | F13: =SUMIF('11.11 Домофония'!$B$13:$B$126,$B13,'11.11 Домофония'!F$13:F$126) -> 2 | G13: =SUMIF('11.11 Домофония'!$B$13:$B$126,$B13,'11.11 Домофония'!G$13:G$126) -> 2 | H13: =SUMIF('11.11 Домофония'!$B$13:$B$126,$B13,'11.11 Домофония'!H$13:H$126) -> 4 | J13: =I13*H13 -> 0 | K13: =VLOOKUP(B13,'11.11 Домофония'!$B$13:$K$126,10,0) -> Состав коммутационного шкафа домофонии
A14: =ROW()-2 -> 12 | B14: Блок электрических розеток | C14: TLK-RSC09-M-04-BK | D14: TLK, 19" на 9 гнезд "евророзетка", 16 A | E14: шт. | F14: =SUMIF('11.11 Домофония'!$B$13:$B$126,$B14,'11.11 Домофония'!F$13:F$126) -> 1 | G14: =SUMIF('11.11 Домофония'!$B$13:$B$126,$B14,'11.11 Домофония'!G$13:G$126) -> 1 | H14: =SUMIF('11.11 Домофония'!$B$13:$B$126,$B14,'11.11 Домофония'!H$13:H$126) -> 2 | J14: =I14*H14 -> 0 | K14: =VLOOKUP(B14,'11.11 Домофония'!$B$13:$K$126,10,0) -> Состав коммутационного шкафа домофонии
A15: =ROW()-2 -> 13 | B15: Болт М6х25 оцинкованный с внутренним шестигранником, класс прочности 8.8, DIN 912 | E15: шт. | F15: =SUMIF('11.11 Домофония'!$B$13:$B$126,$B15,'11.11 Домофония'!F$13:F$126) -> 10 | G15: =SUMIF('11.11 Домофония'!$B$13:$B$126,$B15,'11.11 Домофония'!G$13:G$126) -> 10 | H15: =SUMIF('11.11 Домофония'!$B$13:$B$126,$B15,'11.11 Домофония'!H$13:H$126) -> 20 | J15: =I15*H15 -> 0 | K15: =VLOOKUP(B15,'11.11 Домофония'!$B$13:$K$126,10,0) -> 0
A16: =ROW()-2 -> 14 | B16: Вызывная панель тип 1 | C16: Akuvox X912S | D16: - | E16: шт. | F16: =SUMIF('11.11 Домофония'!$B$13:$B$126,$B16,'11.11 Домофония'!F$13:F$126) -> 2 | G16: =SUMIF('11.11 Домофония'!$B$13:$B$126,$B16,'11.11 Домофония'!G$13:G$126) -> 2 | H16: =SUMIF('11.11 Домофония'!$B$13:$B$126,$B16,'11.11 Домофония'!H$13:H$126) -> 4 | J16: =I16*H16 -> 0 | K16: =VLOOKUP(B16,'11.11 Домофония'!$B$13:$K$126,10,0) -> 0
A17: =ROW()-2 -> 15 | B17: Гвозди по бетону усиленные Toua 3.05x19 мм, под пистолет (1000шт. в пч.) | E17: шт. | F17: =SUMIF('11.11 Домофония'!$B$13:$B$126,$B17,'11.11 Домофония'!F$13:F$126) -> 700 | G17: =SUMIF('11.11 Домофония'!$B$13:$B$126,$B17,'11.11 Домофония'!G$13:G$126) -> 740 | H17: =SUMIF('11.11 Домофония'!$B$13:$B$126,$B17,'11.11 Домофония'!H$13:H$126) -> 1440 | J17: =I17*H17 -> 0 | K17: =VLOOKUP(B17,'11.11 Домофония'!$B$13:$K$126,10,0) -> 0
A18: =ROW()-2 -> 16 | B18: Гвозди по бетону усиленные Toua 3.05x19 мм, под пистолет. (1000шт. в пч.) | E18: шт. | F18: =SUMIF('11.11 Домофония'!$B$13:$B$126,$B18,'11.11 Домофония'!F$13:F$126) -> 8360 | G18: =SUMIF('11.11 Домофония'!$B$13:$B$126,$B18,'11.11 Домофония'!G$13:G$126) -> 15596 | H18: =SUMIF('11.11 Домофония'!$B$13:$B$126,$B18,'11.11 Домофония'!H$13:H$126) -> 23956 | J18: =I18*H18 -> 0 | K18: =VLOOKUP(B18,'11.11 Домофония'!$B$13:$K$126,10,0) -> 0
A19: =ROW()-2 -> 17 | B19: Г-образный кронштейн REXANT для спутниковой антенны 34см 34-0861 | E19: шт. | F19: =SUMIF('11.11 Домофония'!$B$13:$B$126,$B19,'11.11 Домофония'!F$13:F$126) -> 0 | G19: =SUMIF('11.11 Домофония'!$B$13:$B$126,$B19,'11.11 Домофония'!G$13:G$126) -> 1 | H19: =SUMIF('11.11 Домофония'!$B$13:$B$126,$B19,'11.11 Домофония'!H$13:H$126) -> 1 | J19: =I19*H19 -> 0 | K19: =VLOOKUP(B19,'11.11 Домофония'!$B$13:$K$126,10,0) -> LTE комплект
A20: =ROW()-2 -> 18 | B20: Гофрированная труба REXANT ПП 4,6 мм, разрезная, бухтa 5 м/уп. 15-0505 | E20: м. | F20: =SUMIF('11.11 Домофония'!$B$13:$B$126,$B20,'11.11 Домофония'!F$13:F$126) -> 1.8 | G20: =SUMIF('11.11 Домофония'!$B$13:$B$126,$B20,'11.11 Домофония'!G$13:G$126) -> 1.2 | H20: =SUMIF('11.11 Домофония'!$B$13:$B$126,$B20,'11.11 Домофония'!H$13:H$126) -> 3 | J20: =I20*H20 -> 0 | K20: =VLOOKUP(B20,'11.11 Домофония'!$B$13:$K$126,10,0) -> 0
A21: =ROW()-2 -> 19 | B21: Дюбель-хомут 5-10мм нейлон (100шт. в пч.) | E21: шт. | F21: =SUMIF('11.11 Домофония'!$B$13:$B$126,$B21,'11.11 Домофония'!F$13:F$126) -> 608 | G21: =SUMIF('11.11 Домофония'!$B$13:$B$126,$B21,'11.11 Домофония'!G$13:G$126) -> 1016 | H21: =SUMIF('11.11 Домофония'!$B$13:$B$126,$B21,'11.11 Домофония'!H$13:H$126) -> 1624 | J21: =I21*H21 -> 0 | K21: =VLOOKUP(B21,'11.11 Домофония'!$B$13:$K$126,10,0) -> 0
A22: =ROW()-2 -> 20 | B22: Заклепка резьбовая шестигранная с плоским бортом М6 L15,0 | E22: шт. | F22: =SUMIF('11.11 Домофония'!$B$13:$B$126,$B22,'11.11 Домофония'!F$13:F$126) -> 10 | G22: =SUMIF('11.11 Домофония'!$B$13:$B$126,$B22,'11.11 Домофония'!G$13:G$126) -> 10 | H22: =SUMIF('11.11 Домофония'!$B$13:$B$126,$B22,'11.11 Домофония'!H$13:H$126) -> 20 | J22: =I22*H22 -> 0 | K22: =VLOOKUP(B22,'11.11 Домофония'!$B$13:$K$126,10,0) -> 0
A23: =ROW()-2 -> 21 | B23: Замок электромагнитный | C23: - | D23: М2-400 серый (ОЛЭВС) | E23: шт. | F23: =SUMIF('11.11 Домофония'!$B$13:$B$126,$B23,'11.11 Домофония'!F$13:F$126) -> 5 | G23: =SUMIF('11.11 Домофония'!$B$13:$B$126,$B23,'11.11 Домофония'!G$13:G$126) -> 5 | H23: =SUMIF('11.11 Домофония'!$B$13:$B$126,$B23,'11.11 Домофония'!H$13:H$126) -> 10 | J23: =I23*H23 -> 0 | K23: =VLOOKUP(B23,'11.11 Домофония'!$B$13:$K$126,10,0) -> 0
A24: =ROW()-2 -> 22 | B24: Кабель прямого подключения SFP/SFP+ MikroTik XS+DA0001 | E24: шт. | F24: =SUMIF('11.11 Домофония'!$B$13:$B$126,$B24,'11.11 Домофония'!F$13:F$126) -> 0 | G24: =SUMIF('11.11 Домофония'!$B$13:$B$126,$B24,'11.11 Домофония'!G$13:G$126) -> 1 | H24: =SUMIF('11.11 Домофония'!$B$13:$B$126,$B24,'11.11 Домофония'!H$13:H$126) -> 1 | J24: =I24*H24 -> 0 | K24: =VLOOKUP(B24,'11.11 Домофония'!$B$13:$K$126,10,0) -> Оптика между домами
A25: =ROW()-2 -> 23 | B25: Кабель тип 1 | C25: EC-UU004-5E-PVC-GY | D25: NETLAN U/UTP 4 пары, категория 5e, внутренний, PVC, серый, 305м | E25: м. | F25: =SUMIF('11.11 Домофония'!$B$13:$B$126,$B25,'11.11 Домофония'!F$13:F$126) -> 290 | G25: =SUMIF('11.11 Домофония'!$B$13:$B$126,$B25,'11.11 Домофония'!G$13:G$126) -> 235 | H25: =SUMIF('11.11 Домофония'!$B$13:$B$126,$B25,'11.11 Домофония'!H$13:H$126) -> 525 | J25: =I25*H25 -> 0 | K25: =VLOOKUP(B25,'11.11 Домофония'!$B$13:$K$126,10,0) -> 0
A26: =ROW()-2 -> 24 | B26: Кабель тип 2 | D26: силовой ВВГнг(А)-LS 3х2.5 плоский ГОСТ | E26: м. | F26: =SUMIF('11.11 Домофония'!$B$13:$B$126,$B26,'11.11 Домофония'!F$13:F$126) -> 20 | G26: =SUMIF('11.11 Домофония'!$B$13:$B$126,$B26,'11.11 Домофония'!G$13:G$126) -> 20 | H26: =SUMIF('11.11 Домофония'!$B$13:$B$126,$B26,'11.11 Домофония'!H$13:H$126) -> 40 | J26: =I26*H26 -> 0 | K26: =VLOOKUP(B26,'11.11 Домофония'!$B$13:$K$126,10,0) -> 0
A27: =ROW()-2 -> 25 | B27: Кабель тип 9 | D27: силовой ВВГнг(А)-LS 3х1.5 плоский ГОСТ | E27: м. | F27: =SUMIF('11.11 Домофония'!$B$13:$B$126,$B27,'11.11 Домофония'!F$13:F$126) -> 82 | G27: =SUMIF('11.11 Домофония'!$B$13:$B$126,$B27,'11.11 Домофония'!G$13:G$126) -> 125 | H27: =SUMIF('11.11 Домофония'!$B$13:$B$126,$B27,'11.11 Домофония'!H$13:H$126) -> 207 | J27: =I27*H27 -> 0 | K27: =VLOOKUP(B27,'11.11 Домофония'!$B$13:$K$126,10,0) -> 0
A28: =ROW()-2 -> 26 | B28: Кабель тип 3 | D28: UTP Внутренний 4*2*0.48 медь серый PVC | E28: м. | F28: =SUMIF('11.11 Домофония'!$B$13:$B$126,$B28,'11.11 Домофония'!F$13:F$126) -> 1936 | G28: =SUMIF('11.11 Домофония'!$B$13:$B$126,$B28,'11.11 Домофония'!G$13:G$126) -> 3744 | H28: =SUMIF('11.11 Домофония'!$B$13:$B$126,$B28,'11.11 Домофония'!H$13:H$126) -> 5680 | J28: =I28*H28 -> 0 | K28: =VLOOKUP(B28,'11.11 Домофония'!$B$13:$K$126,10,0) -> 0
A29: =ROW()-2 -> 27 | B29: Кабель тип 4 | D29: огнестойкий КПСнг(А)-FRHF 1х2х0,5 | E29: м. | F29: =SUMIF('11.11 Домофония'!$B$13:$B$126,$B29,'11.11 Домофония'!F$13:F$126) -> 40 | G29: =SUMIF('11.11 Домофония'!$B$13:$B$126,$B29,'11.11 Домофония'!G$13:G$126) -> 40 | H29: =SUMIF('11.11 Домофония'!$B$13:$B$126,$B29,'11.11 Домофония'!H$13:H$126) -> 80 | J29: =I29*H29 -> 0 | K29: =VLOOKUP(B29,'11.11 Домофония'!$B$13:$K$126,10,0) -> Состав коммутационного шкафа домофонии
A30: =ROW()-2 -> 28 | B30: Кабель тип 5 | D30: оптический негорючий для прокладки в канализацию 4 волокона | E30: м. | F30: =SUMIF('11.11 Домофония'!$B$13:$B$126,$B30,'11.11 Домофония'!F$13:F$126) -> 0 | G30: =SUMIF('11.11 Домофония'!$B$13:$B$126,$B30,'11.11 Домофония'!G$13:G$126) -> 250 | H30: =SUMIF('11.11 Домофония'!$B$13:$B$126,$B30,'11.11 Домофония'!H$13:H$126) -> 250 | J30: =I30*H30 -> 0 | K30: =VLOOKUP(B30,'11.11 Домофония'!$B$13:$K$126,10,0) -> Оптика между домами
A31: =ROW()-2 -> 29 | B31: Кабель тип 6 | D31: ШВВП 2х0,75 белый ГОСТ | E31: м. | F31: =SUMIF('11.11 Домофония'!$B$13:$B$126,$B31,'11.11 Домофония'!F$13:F$126) -> 190 | G31: =SUMIF('11.11 Домофония'!$B$13:$B$126,$B31,'11.11 Домофония'!G$13:G$126) -> 190 | H31: =SUMIF('11.11 Домофония'!$B$13:$B$126,$B31,'11.11 Домофония'!H$13:H$126) -> 380 | J31: =I31*H31 -> 0 | K31: =VLOOKUP(B31,'11.11 Домофония'!$B$13:$K$126,10,0) -> 0
A32: =ROW()-2 -> 30 | B32: Кабель тип 8 | D32: UTP внутренний LSZH 2*2*0.48 | E32: м. | F32: =SUMIF('11.11 Домофония'!$B$13:$B$126,$B32,'11.11 Домофония'!F$13:F$126) -> 407 | G32: =SUMIF('11.11 Домофония'!$B$13:$B$126,$B32,'11.11 Домофония'!G$13:G$126) -> 1250 | H32: =SUMIF('11.11 Домофония'!$B$13:$B$126,$B32,'11.11 Домофония'!H$13:H$126) -> 1657 | J32: =I32*H32 -> 0 | K32: =VLOOKUP(B32,'11.11 Домофония'!$B$13:$K$126,10,0) -> 100м - LTE комплект
A33: =ROW()-2 -> 31 | B33: Кабель тип 7 | D33: КСПВ 4х0,5 | E33: м. | F33: =SUMIF('11.11 Домофония'!$B$13:$B$126,$B33,'11.11 Домофония'!F$13:F$126) -> 40 | G33: =SUMIF('11.11 Домофония'!$B$13:$B$126,$B33,'11.11 Домофония'!G$13:G$126) -> 40 | H33: =SUMIF('11.11 Домофония'!$B$13:$B$126,$B33,'11.11 Домофония'!H$13:H$126) -> 80 | J33: =I33*H33 -> 0 | K33: =VLOOKUP(B33,'11.11 Домофония'!$B$13:$K$126,10,0) -> 0
A34: =ROW()-2 -> 32 | B34: Клемма DIY YOU PCT-213, быстрозажимной кабельный соединитель | E34: шт. | F34: =SUMIF('11.11 Домофония'!$B$13:$B$126,$B34,'11.11 Домофония'!F$13:F$126) -> 3 | G34: =SUMIF('11.11 Домофония'!$B$13:$B$126,$B34,'11.11 Домофония'!G$13:G$126) -> 3 | H34: =SUMIF('11.11 Домофония'!$B$13:$B$126,$B34,'11.11 Домофония'!H$13:H$126) -> 6 | J34: =I34*H34 -> 0 | K34: =VLOOKUP(B34,'11.11 Домофония'!$B$13:$K$126,10,0) -> 0
A35: =ROW()-2 -> 33 | B35: Клемма DIY YOU PCT-213, быстрозажимной кабельный соединитель, 3 общих проводника L | E35: шт. | F35: =SUMIF('11.11 Домофония'!$B$13:$B$126,$B35,'11.11 Домофония'!F$13:F$126) -> 39 | G35: =SUMIF('11.11 Домофония'!$B$13:$B$126,$B35,'11.11 Домофония'!G$13:G$126) -> 63 | H35: =SUMIF('11.11 Домофония'!$B$13:$B$126,$B35,'11.11 Домофония'!H$13:H$126) -> 102 | J35: =I35*H35 -> 0 | K35: =VLOOKUP(B35,'11.11 Домофония'!$B$13:$K$126,10,0) -> 0
A36: =ROW()-2 -> 34 | B36: Колодка реле PTF14A | E36: шт. | F36: =SUMIF('11.11 Домофония'!$B$13:$B$126,$B36,'11.11 Домофония'!F$13:F$126) -> 2 | G36: =SUMIF('11.11 Домофония'!$B$13:$B$126,$B36,'11.11 Домофония'!G$13:G$126) -> 2 | H36: =SUMIF('11.11 Домофония'!$B$13:$B$126,$B36,'11.11 Домофония'!H$13:H$126) -> 4 | J36: =I36*H36 -> 0 | K36: =VLOOKUP(B36,'11.11 Домофония'!$B$13:$K$126,10,0) -> Состав коммутационного шкафа домофонии
A37: =ROW()-2 -> 35 | B37: Коммутатор тип 1 | D37: Тюменский коммутатор Т1008 с защитой коммутации 8*10/100M PoE IEEE 802.3af/at,+2*10/100M uplink RJ45 | E37: шт. | F37: =SUMIF('11.11 Домофония'!$B$13:$B$126,$B37,'11.11 Домофония'!F$13:F$126) -> 11 | G37: =SUMIF('11.11 Домофония'!$B$13:$B$126,$B37,'11.11 Домофония'!G$13:G$126) -> 19 | H37: =SUMIF('11.11 Домофония'!$B$13:$B$126,$B37,'11.11 Домофония'!H$13:H$126) -> 30 | J37: =I37*H37 -> 0 | K37: =VLOOKUP(B37,'11.11 Домофония'!$B$13:$K$126,10,0) -> на жилых этажах
A38: =ROW()-2 -> 36 | B38: Коммутатор тип 2 | D38: Тюменский коммутатор Т1004 с защитой коммутации 4*10/100M PoE IEEE 802.3af/at,+2*10/100M uplink RJ45 | E38: шт. | F38: =SUMIF('11.11 Домофония'!$B$13:$B$126,$B38,'11.11 Домофония'!F$13:F$126) -> 0 | G38: =SUMIF('11.11 Домофония'!$B$13:$B$126,$B38,'11.11 Домофония'!G$13:G$126) -> 2 | H38: =SUMIF('11.11 Домофония'!$B$13:$B$126,$B38,'11.11 Домофония'!H$13:H$126) -> 2 | J38: =I38*H38 -> 0 | K38: =VLOOKUP(B38,'11.11 Домофония'!$B$13:$K$126,10,0) -> 1шт - на жилых этажах, 1шт - LTE комплект
A39: =ROW()-2 -> 37 | B39: Коммутатор тип 3 | C39: GL-SW-F005-04P | D39: сетевой PoE коммутатор 4 POE + Uplink | E39: шт. | F39: =SUMIF('11.11 Домофония'!$B$13:$B$126,$B39,'11.11 Домофония'!F$13:F$126) -> 1 | G39: =SUMIF('11.11 Домофония'!$B$13:$B$126,$B39,'11.11 Домофония'!G$13:G$126) -> 1 | H39: =SUMIF('11.11 Домофония'!$B$13:$B$126,$B39,'11.11 Домофония'!H$13:H$126) -> 2 | J39: =I39*H39 -> 0 | K39: =VLOOKUP(B39,'11.11 Домофония'!$B$13:$K$126,10,0) -> Состав коммутационного шкафа домофонии
A40: =ROW()-2 -> 38 | B40: Коммутационный шнур U/UTP 4-х парный cat.5e 1м LSZH | E40: шт. | F40: =SUMIF('11.11 Домофония'!$B$13:$B$126,$B40,'11.11 Домофония'!F$13:F$126) -> 0 | G40: =SUMIF('11.11 Домофония'!$B$13:$B$126,$B40,'11.11 Домофония'!G$13:G$126) -> 1 | H40: =SUMIF('11.11 Домофония'!$B$13:$B$126,$B40,'11.11 Домофония'!H$13:H$126) -> 1 | J40: =I40*H40 -> 0 | K40: =VLOOKUP(B40,'11.11 Домофония'!$B$13:$K$126,10,0) -> для Camkeeper
A41: =ROW()-2 -> 39 | B41: Коммутационный шнур U/UTP 4-х парный cat.5e 1м LSZH EC-PC4UD55B-BC-LSZH-010-GY-10 | E41: шт. | F41: =SUMIF('11.11 Домофония'!$B$13:$B$126,$B41,'11.11 Домофония'!F$13:F$126) -> 21 | G41: =SUMIF('11.11 Домофония'!$B$13:$B$126,$B41,'11.11 Домофония'!G$13:G$126) -> 32 | H41: =SUMIF('11.11 Домофония'!$B$13:$B$126,$B41,'11.11 Домофония'!H$13:H$126) -> 53 | J41: =I41*H41 -> 0 | K41: =VLOOKUP(B41,'11.11 Домофония'!$B$13:$K$126,10,0) -> 0
A42: =ROW()-2 -> 40 | B42: Коннектор NETLAN RJ45/8P8C, категория 5e EC-UP8P8C-5E-003-TR-1000 | E42: шт. | F42: =SUMIF('11.11 Домофония'!$B$13:$B$126,$B42,'11.11 Домофония'!F$13:F$126) -> 249 | G42: =SUMIF('11.11 Домофония'!$B$13:$B$126,$B42,'11.11 Домофония'!G$13:G$126) -> 342 | H42: =SUMIF('11.11 Домофония'!$B$13:$B$126,$B42,'11.11 Домофония'!H$13:H$126) -> 591 | J42: =I42*H42 -> 0 | K42: =VLOOKUP(B42,'11.11 Домофония'!$B$13:$K$126,10,0) -> 0
A43: =ROW()-2 -> 41 | B43: Крепеж-клипса для труб для монтажного пистолета Промрукав серая D-20 | E43: шт. | F43: =SUMIF('11.11 Домофония'!$B$13:$B$126,$B43,'11.11 Домофония'!F$13:F$126) -> 864 | G43: =SUMIF('11.11 Домофония'!$B$13:$B$126,$B43,'11.11 Домофония'!G$13:G$126) -> 990 | H43: =SUMIF('11.11 Домофония'!$B$13:$B$126,$B43,'11.11 Домофония'!H$13:H$126) -> 1854 | J43: =I43*H43 -> 0 | K43: =VLOOKUP(B43,'11.11 Домофония'!$B$13:$K$126,10,0) -> 0
A44: =ROW()-2 -> 42 | B44: Крепежный комплект TLK (винт, шайба, гайка) | E44: шт. | F44: =SUMIF('11.11 Домофония'!$B$13:$B$126,$B44,'11.11 Домофония'!F$13:F$126) -> 36 | G44: =SUMIF('11.11 Домофония'!$B$13:$B$126,$B44,'11.11 Домофония'!G$13:G$126) -> 52 | H44: =SUMIF('11.11 Домофония'!$B$13:$B$126,$B44,'11.11 Домофония'!H$13:H$126) -> 88 | J44: =I44*H44 -> 0 | K44: =VLOOKUP(B44,'11.11 Домофония'!$B$13:$K$126,10,0) -> 0
A45: =ROW()-2 -> 43 | B45: Лицензия Akuvox Cloud Premium | E45: шт. | F45: =SUMIF('11.11 Домофония'!$B$13:$B$126,$B45,'11.11 Домофония'!F$13:F$126) -> 0 | G45: =SUMIF('11.11 Домофония'!$B$13:$B$126,$B45,'11.11 Домофония'!G$13:G$126) -> 1 | H45: =SUMIF('11.11 Домофония'!$B$13:$B$126,$B45,'11.11 Домофония'!H$13:H$126) -> 1 | J45: =I45*H45 -> 0 | K45: =VLOOKUP(B45,'11.11 Домофония'!$B$13:$K$126,10,0) -> Состав коммутационного шкафа домофонии
A46: =ROW()-2 -> 44 | B46: Маршрутизатор | D46: MikroTik RB4011iGS+RM | E46: шт. | F46: =SUMIF('11.11 Домофония'!$B$13:$B$126,$B46,'11.11 Домофония'!F$13:F$126) -> 0 | G46: =SUMIF('11.11 Домофония'!$B$13:$B$126,$B46,'11.11 Домофония'!G$13:G$126) -> 1 | H46: =SUMIF('11.11 Домофония'!$B$13:$B$126,$B46,'11.11 Домофония'!H$13:H$126) -> 1 | J46: =I46*H46 -> 0 | K46: =VLOOKUP(B46,'11.11 Домофония'!$B$13:$K$126,10,0) -> Состав коммутационного шкафа домофонии
A47: =ROW()-2 -> 45 | B47: Модуль | C47: NMC-KJUD2-FT-WT | D47: Keystone, Кат.5e, RJ45/8P8C, для FT-TOOL, неэкран., белый | E47: шт. | F47: =SUMIF('11.11 Домофония'!$B$13:$B$126,$B47,'11.11 Домофония'!F$13:F$126) -> 24 | G47: =SUMIF('11.11 Домофония'!$B$13:$B$126,$B47,'11.11 Домофония'!G$13:G$126) -> 24 | H47: =SUMIF('11.11 Домофония'!$B$13:$B$126,$B47,'11.11 Домофония'!H$13:H$126) -> 48 | J47: =I47*H47 -> 0 | K47: =VLOOKUP(B47,'11.11 Домофония'!$B$13:$K$126,10,0) -> Состав коммутационного шкафа домофонии
A48: =ROW()-2 -> 46 | B48: Монитор | C48: Akuvox | D48: IP монитор (интерком-панель) C313S | E48: шт. | F48: =SUMIF('11.11 Домофония'!$B$13:$B$126,$B48,'11.11 Домофония'!F$13:F$126) -> 88 | G48: =SUMIF('11.11 Домофония'!$B$13:$B$126,$B48,'11.11 Домофония'!G$13:G$126) -> 156 | H48: =SUMIF('11.11 Домофония'!$B$13:$B$126,$B48,'11.11 Домофония'!H$13:H$126) -> 244 | J48: =I48*H48 -> 0 | K48: =VLOOKUP(B48,'11.11 Домофония'!$B$13:$K$126,10,0) -> на жилых этажах
A49: =ROW()-2 -> 47 | B49: Монтажная коробка (подрозетник) для выключателей Aqara | E49: шт. | F49: =SUMIF('11.11 Домофония'!$B$13:$B$126,$B49,'11.11 Домофония'!F$13:F$126) -> 3 | G49: =SUMIF('11.11 Домофония'!$B$13:$B$126,$B49,'11.11 Домофония'!G$13:G$126) -> 3 | H49: =SUMIF('11.11 Домофония'!$B$13:$B$126,$B49,'11.11 Домофония'!H$13:H$126) -> 6 | J49: =I49*H49 -> 0 | K49: =VLOOKUP(B49,'11.11 Домофония'!$B$13:$K$126,10,0) -> 0
A50: =ROW()-2 -> 48 | B50: Монтажная лента Госкреп волна, 0,55х12 | E50: м. | F50: =SUMIF('11.11 Домофония'!$B$13:$B$126,$B50,'11.11 Домофония'!F$13:F$126) -> 3 | G50: =SUMIF('11.11 Домофония'!$B$13:$B$126,$B50,'11.11 Домофония'!G$13:G$126) -> 3 | H50: =SUMIF('11.11 Домофония'!$B$13:$B$126,$B50,'11.11 Домофония'!H$13:H$126) -> 6 | J50: =I50*H50 -> 0 | K50: =VLOOKUP(B50,'11.11 Домофония'!$B$13:$K$126,10,0) -> 0
A51: =ROW()-2 -> 49 | B51: Монтажная лента текстильная под пистолет | E51: м. | F51: =SUMIF('11.11 Домофония'!$B$13:$B$126,$B51,'11.11 Домофония'!F$13:F$126) -> 451 | G51: =SUMIF('11.11 Домофония'!$B$13:$B$126,$B51,'11.11 Домофония'!G$13:G$126) -> 877 | H51: =SUMIF('11.11 Домофония'!$B$13:$B$126,$B51,'11.11 Домофония'!H$13:H$126) -> 1328 | J51: =I51*H51 -> 0 | K51: =VLOOKUP(B51,'11.11 Домофония'!$B$13:$K$126,10,0) -> 0
A52: =ROW()-2 -> 50 | B52: Монтажная пена Технониколь 240 PROFESSIONAL, огнестойкая, TN528380 | E52: шт. | F52: =SUMIF('11.11 Домофония'!$B$13:$B$126,$B52,'11.11 Домофония'!F$13:F$126) -> 1 | G52: =SUMIF('11.11 Домофония'!$B$13:$B$126,$B52,'11.11 Домофония'!G$13:G$126) -> 2 | H52: =SUMIF('11.11 Домофония'!$B$13:$B$126,$B52,'11.11 Домофония'!H$13:H$126) -> 3 | J52: =I52*H52 -> 0 | K52: =VLOOKUP(B52,'11.11 Домофония'!$B$13:$K$126,10,0) -> 0
A53: =ROW()-2 -> 51 | B53: Муфта соединительная для труб ПВХ д.50мм | E53: шт. | F53: =SUMIF('11.11 Домофония'!$B$13:$B$126,$B53,'11.11 Домофония'!F$13:F$126) -> 13 | G53: =SUMIF('11.11 Домофония'!$B$13:$B$126,$B53,'11.11 Домофония'!G$13:G$126) -> 21 | H53: =SUMIF('11.11 Домофония'!$B$13:$B$126,$B53,'11.11 Домофония'!H$13:H$126) -> 34 | J53: =I53*H53 -> 0 | K53: =VLOOKUP(B53,'11.11 Домофония'!$B$13:$K$126,10,0) -> 0
A54: =ROW()-2 -> 52 | B54: Одноволоконный модуль OFM330R/3KM | E54: шт. | F54: =SUMIF('11.11 Домофония'!$B$13:$B$126,$B54,'11.11 Домофония'!F$13:F$126) -> 0 | G54: =SUMIF('11.11 Домофония'!$B$13:$B$126,$B54,'11.11 Домофония'!G$13:G$126) -> 1 | H54: =SUMIF('11.11 Домофония'!$B$13:$B$126,$B54,'11.11 Домофония'!H$13:H$126) -> 1 | J54: =I54*H54 -> 0 | K54: =VLOOKUP(B54,'11.11 Домофония'!$B$13:$K$126,10,0) -> Оптика между домами
A55: =ROW()-2 -> 53 | B55: Одноволоконный модуль OFM330T/3KM | E55: шт. | F55: =SUMIF('11.11 Домофония'!$B$13:$B$126,$B55,'11.11 Домофония'!F$13:F$126) -> 0 | G55: =SUMIF('11.11 Домофония'!$B$13:$B$126,$B55,'11.11 Домофония'!G$13:G$126) -> 1 | H55: =SUMIF('11.11 Домофония'!$B$13:$B$126,$B55,'11.11 Домофония'!H$13:H$126) -> 1 | J55: =I55*H55 -> 0 | K55: =VLOOKUP(B55,'11.11 Домофония'!$B$13:$K$126,10,0) -> Оптика между домами
A56: =ROW()-2 -> 54 | B56: Оптический кросс NIKOMAX 19" Essential Line, 1U, укомплектованный на 8 портов SC/UPC NMF-RP08SCUS2-WS-ES-1U-GY | E56: шт. | F56: =SUMIF('11.11 Домофония'!$B$13:$B$126,$B56,'11.11 Домофония'!F$13:F$126) -> 0 | G56: =SUMIF('11.11 Домофония'!$B$13:$B$126,$B56,'11.11 Домофония'!G$13:G$126) -> 1 | H56: =SUMIF('11.11 Домофония'!$B$13:$B$126,$B56,'11.11 Домофония'!H$13:H$126) -> 1 | J56: =I56*H56 -> 0 | K56: =VLOOKUP(B56,'11.11 Домофония'!$B$13:$K$126,10,0) -> Оптика между домами
A57: =ROW()-2 -> 55 | B57: Органайзер 19", 1U, кольца 58мм, металлический, с крышкой, черный NMC-OK580C-1U-BK | E57: шт. | F57: =SUMIF('11.11 Домофония'!$B$13:$B$126,$B57,'11.11 Домофония'!F$13:F$126) -> 2 | G57: =SUMIF('11.11 Домофония'!$B$13:$B$126,$B57,'11.11 Домофония'!G$13:G$126) -> 4 | H57: =SUMIF('11.11 Домофония'!$B$13:$B$126,$B57,'11.11 Домофония'!H$13:H$126) -> 6 | J57: =I57*H57 -> 0 | K57: =VLOOKUP(B57,'11.11 Домофония'!$B$13:$K$126,10,0) -> Состав коммутационного шкафа домофонии
A58: =ROW()-2 -> 56 | B58: Панель | C58: - | D58: 19" с DIN-рейкой 3U SNR-PDR-19-B (для установки РБД и блоков питания) | E58: шт. | F58: =SUMIF('11.11 Домофония'!$B$13:$B$126,$B58,'11.11 Домофония'!F$13:F$126) -> 1 | G58: =SUMIF('11.11 Домофония'!$B$13:$B$126,$B58,'11.11 Домофония'!G$13:G$126) -> 1 | H58: =SUMIF('11.11 Домофония'!$B$13:$B$126,$B58,'11.11 Домофония'!H$13:H$126) -> 2 | J58: =I58*H58 -> 0 | K58: =VLOOKUP(B58,'11.11 Домофония'!$B$13:$K$126,10,0) -> Состав коммутационного шкафа домофонии
A59: =ROW()-2 -> 57 | B59: Панельная антенна AGATA-2 MIMO 4x4 BOX с герметичным боксом для USB 3G/4G модема (Выход с PG7) | E59: шт. | F59: =SUMIF('11.11 Домофония'!$B$13:$B$126,$B59,'11.11 Домофония'!F$13:F$126) -> 0 | G59: =SUMIF('11.11 Домофония'!$B$13:$B$126,$B59,'11.11 Домофония'!G$13:G$126) -> 1 | H59: =SUMIF('11.11 Домофония'!$B$13:$B$126,$B59,'11.11 Домофония'!H$13:H$126) -> 1 | J59: =I59*H59 -> 0 | K59: =VLOOKUP(B59,'11.11 Домофония'!$B$13:$K$126,10,0) -> LTE комплект
A60: =ROW()-2 -> 58 | B60: Патч-панель наборная | C60: 1U NMC-RP24-BLANK-1U-MT | D60: - | E60: шт. | F60: =SUMIF('11.11 Домофония'!$B$13:$B$126,$B60,'11.11 Домофония'!F$13:F$126) -> 1 | G60: =SUMIF('11.11 Домофония'!$B$13:$B$126,$B60,'11.11 Домофония'!G$13:G$126) -> 1 | H60: =SUMIF('11.11 Домофония'!$B$13:$B$126,$B60,'11.11 Домофония'!H$13:H$126) -> 2 | J60: =I60*H60 -> 0 | K60: =VLOOKUP(B60,'11.11 Домофония'!$B$13:$K$126,10,0) -> Состав коммутационного шкафа домофонии
A61: =ROW()-2 -> 59 | B61: Полка фронтальная TLK, 19", 2U, глубиной 400мм, крепеж в комплекте, черная TLK-SHFR-400-BK | E61: шт. | F61: =SUMIF('11.11 Домофония'!$B$13:$B$126,$B61,'11.11 Домофония'!F$13:F$126) -> 1 | G61: =SUMIF('11.11 Домофония'!$B$13:$B$126,$B61,'11.11 Домофония'!G$13:G$126) -> 1 | H61: =SUMIF('11.11 Домофония'!$B$13:$B$126,$B61,'11.11 Домофония'!H$13:H$126) -> 2 | J61: =I61*H61 -> 0 | K61: =VLOOKUP(B61,'11.11 Домофония'!$B$13:$K$126,10,0) -> Состав коммутационного шкафа домофонии
A62: =ROW()-2 -> 60 | B62: Промрукав Коробка распаячная под пистолет 80х80х40 IP66 | E62: шт. | F62: =SUMIF('11.11 Домофония'!$B$13:$B$126,$B62,'11.11 Домофония'!F$13:F$126) -> 14 | G62: =SUMIF('11.11 Домофония'!$B$13:$B$126,$B62,'11.11 Домофония'!G$13:G$126) -> 22 | H62: =SUMIF('11.11 Домофония'!$B$13:$B$126,$B62,'11.11 Домофония'!H$13:H$126) -> 36 | J62: =I62*H62 -> 0 | K62: =VLOOKUP(B62,'11.11 Домофония'!$B$13:$K$126,10,0) -> 0
A63: =ROW()-2 -> 61 | B63: Распорный дюбель Чапай 8х50 | E63: шт. | F63: =SUMIF('11.11 Домофония'!$B$13:$B$126,$B63,'11.11 Домофония'!F$13:F$126) -> 4 | G63: =SUMIF('11.11 Домофония'!$B$13:$B$126,$B63,'11.11 Домофония'!G$13:G$126) -> 4 | H63: =SUMIF('11.11 Домофония'!$B$13:$B$126,$B63,'11.11 Домофония'!H$13:H$126) -> 8 | J63: =I63*H63 -> 0 | K63: =VLOOKUP(B63,'11.11 Домофония'!$B$13:$K$126,10,0) -> 0
A64: =ROW()-2 -> 62 | B64: Распределительный блок РБД-125А 8 контактов 125А ИЭК | E64: шт. | F64: =SUMIF('11.11 Домофония'!$B$13:$B$126,$B64,'11.11 Домофония'!F$13:F$126) -> 3 | G64: =SUMIF('11.11 Домофония'!$B$13:$B$126,$B64,'11.11 Домофония'!G$13:G$126) -> 3 | H64: =SUMIF('11.11 Домофония'!$B$13:$B$126,$B64,'11.11 Домофония'!H$13:H$126) -> 6 | J64: =I64*H64 -> 0 | K64: =VLOOKUP(B64,'11.11 Домофония'!$B$13:$K$126,10,0) -> Состав коммутационного шкафа домофонии
A65: =ROW()-2 -> 63 | B65: Реле 12VDC/10A/240VAC 4PDT (4 переключения) HHC68A-4Z-12D | E65: шт. | F65: =SUMIF('11.11 Домофония'!$B$13:$B$126,$B65,'11.11 Домофония'!F$13:F$126) -> 2 | G65: =SUMIF('11.11 Домофония'!$B$13:$B$126,$B65,'11.11 Домофония'!G$13:G$126) -> 2 | H65: =SUMIF('11.11 Домофония'!$B$13:$B$126,$B65,'11.11 Домофония'!H$13:H$126) -> 4 | J65: =I65*H65 -> 0 | K65: =VLOOKUP(B65,'11.11 Домофония'!$B$13:$K$126,10,0) -> Состав коммутационного шкафа домофонии
B66: Роутер TANDEM-4G12-OEM-1 (ЧАСТЬ) Встраиваемый гигабитный 4G/3G роутер с поддержкой стандарта PoE IEEE 802.3af и 2 SIM Cat.12 | E66: шт. | F66: =SUMIF('11.11 Домофония'!$B$13:$B$126,$B66,'11.11 Домофония'!F$13:F$126) -> 0 | G66: =SUMIF('11.11 Домофония'!$B$13:$B$126,$B66,'11.11 Домофония'!G$13:G$126) -> 1 | H66: =SUMIF('11.11 Домофония'!$B$13:$B$126,$B66,'11.11 Домофония'!H$13:H$126) -> 1 | J66: =I66*H66 -> 0 | K66: =VLOOKUP(B66,'11.11 Домофония'!$B$13:$K$126,10,0) -> LTE комплект
B67: Скоба металлическая 2-х лапковая с внутр. d 48-50 мм | E67: шт. | F67: =SUMIF('11.11 Домофония'!$B$13:$B$126,$B67,'11.11 Домофония'!F$13:F$126) -> 102 | G67: =SUMIF('11.11 Домофония'!$B$13:$B$126,$B67,'11.11 Домофония'!G$13:G$126) -> 150 | H67: =SUMIF('11.11 Домофония'!$B$13:$B$126,$B67,'11.11 Домофония'!H$13:H$126) -> 252 | J67: =I67*H67 -> 0 | K67: =VLOOKUP(B67,'11.11 Домофония'!$B$13:$K$126,10,0) -> 0
B68: Терминал контроля доступа тип 1 | C68: Akuvox A01 | D68: - | E68: шт. | F68: =SUMIF('11.11 Домофония'!$B$13:$B$126,$B68,'11.11 Домофония'!F$13:F$126) -> 3 | G68: =SUMIF('11.11 Домофония'!$B$13:$B$126,$B68,'11.11 Домофония'!G$13:G$126) -> 3 | H68: =SUMIF('11.11 Домофония'!$B$13:$B$126,$B68,'11.11 Домофония'!H$13:H$126) -> 6 | J68: =I68*H68 -> 0 | K68: =VLOOKUP(B68,'11.11 Домофония'!$B$13:$K$126,10,0) -> 0
B69: Труба тип 1 | D69: гофрированная ПВХ 20мм с протяжкой | E69: м. | F69: =SUMIF('11.11 Домофония'!$B$13:$B$126,$B69,'11.11 Домофония'!F$13:F$126) -> 350 | G69: =SUMIF('11.11 Домофония'!$B$13:$B$126,$B69,'11.11 Домофония'!G$13:G$126) -> 370 | H69: =SUMIF('11.11 Домофония'!$B$13:$B$126,$B69,'11.11 Домофония'!H$13:H$126) -> 720 | J69: =I69*H69 -> 0 | K69: =VLOOKUP(B69,'11.11 Домофония'!$B$13:$K$126,10,0) -> 75 метров для оптики
B70: Труба тип 1 | C70: ДКС | D70: гофрированная ПВХ 20мм с протяжкой | E70: м. | F70: =SUMIF('11.11 Домофония'!$B$13:$B$126,$B70,'11.11 Домофония'!F$13:F$126) -> 82 | G70: =SUMIF('11.11 Домофония'!$B$13:$B$126,$B70,'11.11 Домофония'!G$13:G$126) -> 125 | H70: =SUMIF('11.11 Домофония'!$B$13:$B$126,$B70,'11.11 Домофония'!H$13:H$126) -> 207 | J70: =I70*H70 -> 0 | K70: =VLOOKUP(B70,'11.11 Домофония'!$B$13:$K$126,10,0) -> 0
B71: Труба тип 2 | C71: ЭРА | D71: ПНД гладкая жесткая, черная, d 20 мм | E71: м. | F71: =SUMIF('11.11 Домофония'!$B$13:$B$126,$B71,'11.11 Домофония'!F$13:F$126) -> 10 | G71: =SUMIF('11.11 Домофония'!$B$13:$B$126,$B71,'11.11 Домофония'!G$13:G$126) -> 10 | H71: =SUMIF('11.11 Домофония'!$B$13:$B$126,$B71,'11.11 Домофония'!H$13:H$126) -> 20 | J71: =I71*H71 -> 0 | K71: =VLOOKUP(B71,'11.11 Домофония'!$B$13:$K$126,10,0) -> 0
B72: Труба тип 3 | D72: гофрированная ПНД легкая безгалогенная (HF) зонд д16 | E72: м. | F72: =SUMIF('11.11 Домофония'!$B$13:$B$126,$B72,'11.11 Домофония'!F$13:F$126) -> 1804 | G72: =SUMIF('11.11 Домофония'!$B$13:$B$126,$B72,'11.11 Домофония'!G$13:G$126) -> 3510 | H72: =SUMIF('11.11 Домофония'!$B$13:$B$126,$B72,'11.11 Домофония'!H$13:H$126) -> 5314 | J72: =I72*H72 -> 0 | K72: =VLOOKUP(B72,'11.11 Домофония'!$B$13:$K$126,10,0) -> 0
B73: Труба тип 4 | D73: гладкая жесткая ПВХ 50 мм легкая серая (3м) | E73: м. | F73: =SUMIF('11.11 Домофония'!$B$13:$B$126,$B73,'11.11 Домофония'!F$13:F$126) -> 39 | G73: =SUMIF('11.11 Домофония'!$B$13:$B$126,$B73,'11.11 Домофония'!G$13:G$126) -> 63 | H73: =SUMIF('11.11 Домофония'!$B$13:$B$126,$B73,'11.11 Домофония'!H$13:H$126) -> 102 | J73: =I73*H73 -> 0 | K73: =VLOOKUP(B73,'11.11 Домофония'!$B$13:$K$126,10,0) -> 0
B74: Труба тип 5 | D74: гофрированная ПВХ 50 мм с протяжкой легкая серая | E74: м. | F74: =SUMIF('11.11 Домофония'!$B$13:$B$126,$B74,'11.11 Домофония'!F$13:F$126) -> 12 | G74: =SUMIF('11.11 Домофония'!$B$13:$B$126,$B74,'11.11 Домофония'!G$13:G$126) -> 12 | H74: =SUMIF('11.11 Домофония'!$B$13:$B$126,$B74,'11.11 Домофония'!H$13:H$126) -> 24 | J74: =I74*H74 -> 0 | K74: =VLOOKUP(B74,'11.11 Домофония'!$B$13:$K$126,10,0) -> 0
B75: Труба электросварная 76х3,5 | E75: м | F75: =SUMIF('11.11 Домофония'!$B$13:$B$126,$B75,'11.11 Домофония'!F$13:F$126) -> 3.9 | G75: =SUMIF('11.11 Домофония'!$B$13:$B$126,$B75,'11.11 Домофония'!G$13:G$126) -> 6.3 | H75: =SUMIF('11.11 Домофония'!$B$13:$B$126,$B75,'11.11 Домофония'!H$13:H$126) -> 10.2 | J75: =I75*H75 -> 0 | K75: =VLOOKUP(B75,'11.11 Домофония'!$B$13:$K$126,10,0) -> 0
B76: Универсальные крепления для коммутаторов в стойку 19" | E76: шт. | F76: =SUMIF('11.11 Домофония'!$B$13:$B$126,$B76,'11.11 Домофония'!F$13:F$126) -> 1 | G76: =SUMIF('11.11 Домофония'!$B$13:$B$126,$B76,'11.11 Домофония'!G$13:G$126) -> 1 | H76: =SUMIF('11.11 Домофония'!$B$13:$B$126,$B76,'11.11 Домофония'!H$13:H$126) -> 2 | J76: =I76*H76 -> 0 | K76: =VLOOKUP(B76,'11.11 Домофония'!$B$13:$K$126,10,0) -> Состав коммутационного шкафа домофонии
B77: Управляемый коммутатор тип 1 | D77: 24 портаовый (24x1000Мбит/с) + 4SFP Origo OS3228 | E77: шт. | F77: =SUMIF('11.11 Домофония'!$B$13:$B$126,$B77,'11.11 Домофония'!F$13:F$126) -> 0 | G77: =SUMIF('11.11 Домофония'!$B$13:$B$126,$B77,'11.11 Домофония'!G$13:G$126) -> 1 | H77: =SUMIF('11.11 Домофония'!$B$13:$B$126,$B77,'11.11 Домофония'!H$13:H$126) -> 1 | J77: =I77*H77 -> 0 | K77: =VLOOKUP(B77,'11.11 Домофония'!$B$13:$K$126,10,0) -> Состав коммутационного шкафа домофонии
B78: Управляемый коммутатор тип 2 | D78: 24 портаовый (24x100Мбит/с) Origo OS1326 | E78: шт. | F78: =SUMIF('11.11 Домофония'!$B$13:$B$126,$B78,'11.11 Домофония'!F$13:F$126) -> 1 | G78: =SUMIF('11.11 Домофония'!$B$13:$B$126,$B78,'11.11 Домофония'!G$13:G$126) -> 1 | H78: =SUMIF('11.11 Домофония'!$B$13:$B$126,$B78,'11.11 Домофония'!H$13:H$126) -> 2 | J78: =I78*H78 -> 0 | K78: =VLOOKUP(B78,'11.11 Домофония'!$B$13:$K$126,10,0) -> Состав коммутационного шкафа домофонии
B79: Установочная коробка Schneider Electric для сплошных стен 68(65)x60 DIY IMT351011 (установка под монитор) | E79: шт. | F79: =SUMIF('11.11 Домофония'!$B$13:$B$126,$B79,'11.11 Домофония'!F$13:F$126) -> 88 | G79: =SUMIF('11.11 Домофония'!$B$13:$B$126,$B79,'11.11 Домофония'!G$13:G$126) -> 156 | H79: =SUMIF('11.11 Домофония'!$B$13:$B$126,$B79,'11.11 Домофония'!H$13:H$126) -> 244 | J79: =I79*H79 -> 0 | K79: =VLOOKUP(B79,'11.11 Домофония'!$B$13:$K$126,10,0) -> на жилых этажах
B80: Шкаф тип 1 | C80: TWI-156060-R-P-GY | D80: Настенный разборный TLK 19", цельнометал. дверь, 15U Ш600хВ569хГ600мм | E80: шт. | F80: =SUMIF('11.11 Домофония'!$B$13:$B$126,$B80,'11.11 Домофония'!F$13:F$126) -> 1 | G80: =SUMIF('11.11 Домофония'!$B$13:$B$126,$B80,'11.11 Домофония'!G$13:G$126) -> 0 | H80: =SUMIF('11.11 Домофония'!$B$13:$B$126,$B80,'11.11 Домофония'!H$13:H$126) -> 1 | J80: =I80*H80 -> 0 | K80: =VLOOKUP(B80,'11.11 Домофония'!$B$13:$K$126,10,0) -> Состав коммутационного шкафа домофонии
B81: Шкаф тип 2 | C81: TFI-186060-MMMM-R-GY | D81: Напольный шкаф серии Lite II 19", цельнометал-е двери,18U, Ш600хВ974хГ600мм | E81: шт. | F81: =SUMIF('11.11 Домофония'!$B$13:$B$126,$B81,'11.11 Домофония'!F$13:F$126) -> 0 | G81: =SUMIF('11.11 Домофония'!$B$13:$B$126,$B81,'11.11 Домофония'!G$13:G$126) -> 1 | H81: =SUMIF('11.11 Домофония'!$B$13:$B$126,$B81,'11.11 Домофония'!H$13:H$126) -> 1 | J81: =I81*H81 -> 0 | K81: =VLOOKUP(B81,'11.11 Домофония'!$B$13:$K$126,10,0) -> Состав коммутационного шкафа домофонии
B82: Шнур оптический переходной, OS2, SC/UPC-LC/UPC, одинарный, нг(А)-HF, 2мм, желтый, 1м NMF-PC1S2C2-SCU-LCU-001 | E82: шт. | F82: =SUMIF('11.11 Домофония'!$B$13:$B$126,$B82,'11.11 Домофония'!F$13:F$126) -> 0 | G82: =SUMIF('11.11 Домофония'!$B$13:$B$126,$B82,'11.11 Домофония'!G$13:G$126) -> 2 | H82: =SUMIF('11.11 Домофония'!$B$13:$B$126,$B82,'11.11 Домофония'!H$13:H$126) -> 2 | J82: =I82*H82 -> 0 | K82: =VLOOKUP(B82,'11.11 Домофония'!$B$13:$K$126,10,0) -> Оптика между домами
B83: Шуруп-глухарь 6х60 | E83: шт. | F83: =SUMIF('11.11 Домофония'!$B$13:$B$126,$B83,'11.11 Домофония'!F$13:F$126) -> 4 | G83: =SUMIF('11.11 Домофония'!$B$13:$B$126,$B83,'11.11 Домофония'!G$13:G$126) -> 4 | H83: =SUMIF('11.11 Домофония'!$B$13:$B$126,$B83,'11.11 Домофония'!H$13:H$126) -> 8 | J83: =I83*H83 -> 0 | K83: =VLOOKUP(B83,'11.11 Домофония'!$B$13:$K$126,10,0) -> 0
I84: ИТОГО: | J84: =SUM(J3:J83) -> 0
I85: проверка: | J85: =J84-'11.11 Домофония'!J129 -> 0
B87: Примечание:
A88: - | B88: В случае, если один из перечисленных прочих материалов не был использован по факту при производстве работ, заказчик вправе откорректировать процент расходных материалов в актах выполненных работ (формы КС-2, КС-3), уменьшив на сумму исключенного материала.
A89: - | B89: Стоимость СМР учитывает - затраты на все второстепенные материалы и работы необходимые для осуществления полного комплекса работ, включая затраты: обеспечение технической водой для производства работ и бытовых целей; на мобилизацию, аренду и эксплуатацию всех необходимых механизмов, оборудования и инструментов, бытовых помещений и биотуалетов; на подъем материалов и разноску по этажам к местам производства работ; выполнение сопутствующих работ; вывоз мусора; накладные расходы, прибыль организации, налоги и иные издержки Подрядчика. Обеспечение безопасного производства работ на участке.
A90: - | B90: Стоимость материалов учитывает стоимость доставки.
